 Dungeon Crawl Stone Soup version 0.23-a0-521-gcbeb077 (webtiles) character file.

16672808 sdynet the Hand of Fortune (level 27, 305/305 (314) HPs)
             Began as a Troll Fighter on Dec 9, 2018.
             Was the Champion of Nemelex Xobeh.
             Escaped with the Orb
             ... and 15 runes on Dec 11, 2018!
             The game lasted 10:27:02 (93608 turns).

sdynet the Hand of Fortune (Troll Fighter)         Turns: 93608, Time: 10:27:03

HP:   305/305 (314) AC: 44    Str: 40    XL:     27
MP:   35/35         EV: 10    Int:  9    God:    Nemelex Xobeh [******]
Gold: 2427          SH: 29    Dex: 13    Spells: 29/32 levels left

rFire    + + .     SeeInvis +     - Unarmed
rCold    + + +     Gourm    +   E - +1 large shield {rPois}
rNeg     + + +     Faith    .   D - +12 gold dragon scales
rPois    +         Spirit   +   Q - +2 hat of the Bear Spirit {Spirit, +Rage rN+ MR++}
rElec    +         Reflect  .   S - +0 cloak "Ozeakli" {rF+ rN+ rCorr}
rCorr    +         Harm     .   (gloves unavailable)
MR       +++++                  (boots unavailable)
Stlth    ..........             p - amulet of Opai {Fragile rElec Regen+ Dex+2}
HPRegen  1.40/turn              c - ring of positive energy
MPRegen  0.24/turn              W - ring of the Rose {rPois rC++ Int+4 SInv Stlth+}

@: no status effects
A: large, unfitting armour, antennae 1, claws 3, talons 1, fast metabolism 3,
gourmand, low mp 1, magic resistance 1, regeneration 1, shaggy fur 1, strong 1,
tough skin 2, subdued magic 1
0: Orb of Zot
}: 15/15 runes: decaying, slimy, silver, golden, iron, obsidian, icy, bone,
abyssal, demonic, glowing, magical, fiery, dark, gossamer
a: Draw Escape, Draw Destruction, Draw Summoning, Draw Stack, Triple Draw, Deal
Four, Stack Five, Renounce Religion, Evoke Berserk Rage


You escaped.
You worshipped Nemelex Xobeh.
Nemelex Xobeh was exalted by your worship.
You were full.

You visited 18 branches of the dungeon, and saw 90 of its levels.
You visited Pandemonium 1 time, and saw 12 of its levels.
You visited the Abyss 8 times.
You also visited: Labyrinth, Trove and Ice Cave.

You collected 7865 gold pieces.
You spent 5438 gold pieces at shops.

Inventory:

Missiles
 x - 6 throwing nets (quivered)
 M - 83 large rocks
Armour
 D - +12 gold dragon scales (worn)
 E - a +1 large shield of poison resistance (worn)
 Q - the +2 hat of the Bear Spirit (worn) {Spirit, +Rage rN+ MR++}
   (You found it in a treasure trove)

   It protects you from negative energy.
   It affects your resistance to hostile enchantments.
   It lets you go berserk.
 S - the +0 cloak "Ozeakli" (worn) {rF+ rN+ rCorr}
   (You found it in a treasure trove)

   It protects you from fire.
   It protects you from negative energy.
   It provides partial protection from all sources of acid and corrosion.
Jewellery
 c - a ring of positive energy (left claw)
 p - the amulet of Opai (around neck) {Fragile rElec Regen+ Dex+2}
   (You bought it in a shop on level 2 of the Depths)

   [amulet of regeneration]

   It affects your dexterity (+2).
   It insulates you from electricity.
   It increases your rate of regeneration.
   It will be destroyed if unequipped.
 r - the ring of the Well-Known Hells {MR+ MP+9}
   (You acquired it in Pandemonium)

   [ring of magical power]

   It affects your resistance to hostile enchantments.
   It affects your magic capacity (+9).
 W - the ring of the Rose (right claw) {rPois rC++ Int+4 SInv Stlth+}
   (You found it on level 3 of the Elven Halls)

   [ring of see invisible]

   It affects your intelligence (+4).
   It greatly protects you from cold.
   It protects you from poison.
   It lets you see invisible.
   It makes you more stealthy.
Wands
 b - a wand of paralysis (27)
 w - a wand of iceblast (31)
 B - a wand of acid (8)
 H - a wand of clouds (1)
 J - a wand of flame (108)
 K - a wand of digging (5)
 N - a wand of scattershot (4)
Scrolls
 e - 6 scrolls of magic mapping
 f - 39 scrolls of remove curse
 g - 2 scrolls of vulnerability
 j - 48 scrolls of identify
 m - 16 scrolls of teleportation
 s - 4 scrolls of fear
 Z - 2 scrolls of blinking
Potions
 a - a potion of lignification
 i - 2 potions of resistance
 k - 2 potions of might
 l - 4 potions of heal wounds
 n - 3 potions of mutation {!q}
 o - 6 potions of flight
 q - a potion of magic
 t - 12 potions of curing
 v - a potion of haste
 z - a potion of berserk rage
 A - a potion of ambrosia
 F - 3 potions of cancellation
Miscellaneous
 h - a phial of floods (inert)
 u - a lamp of fire
 y - a figurine of a ziggurat
 I - a lightning rod (4/4)
 O - a phantom mirror
Comestibles
 d - 80 rations


   Skills:
 + Level 25.2 Fighting
 - Level 8.0 Throwing
 + Level 23.8 Armour
 - Level 8.0 Dodging
 - Level 8.0 Stealth
 + Level 23.9 Shields
 - Level 26.9 Unarmed Combat
 - Level 3.0 Spellcasting
 - Level 8.0 Translocations
 O Level 27 Invocations


You had 29 spell levels left.
You knew the following spells:

 Your Spells              Type           Power        Failure   Level  Hunger
a - Apportation           Tloc           ##....       3%          1    ##.....
q - Blink                 Tloc           N/A          6%          2    ###....

Your spell library contained the following spells:

 Spells                   Type           Power        Failure   Level  Hunger
 Gell's Gravitas          Tloc           ##........   12%         3    ####...
 Lesser Beckoning         Tloc           ##........   12%         3    ####...
 Teleport Other           Tloc           ##......     12%         3    ####...
 Shroud of Golubria       Chrm/Tloc      #.........   32%         2    ###....
 Portal Projectile        Hex/Tloc       #.....       54%         3    ####...
 Recall                   Summ/Tloc      N/A          54%         3    ####...
 Animate Skeleton         Necr           N/A          75%         1    ##.....
 Beastly Appendage        Tmut           #.....       75%         1    ##.....
 Confusing Touch          Hex            #.....       75%         1    ##.....
 Corona                   Hex            #......      75%         1    ##.....
 Flame Tongue             Conj/Fire      #....        75%         1    ##.....
 Freeze                   Ice            #...         75%         1    ##.....
 Magic Dart               Conj           #...         75%         1    ##.....
 Pain                     Necr           #...         75%         1    ##.....
 Shock                    Conj/Air       #...         75%         1    ##.....
 Summon Butterflies       Summ           #.......     75%         1    ##.....
 Summon Small Mammal      Summ           #...         75%         1    ##.....
 Call Imp                 Summ           #.......     87%         2    ###....
 Corpse Rot               Necr           N/A          87%         2    ###....
 Ensorcelled Hibernation  Hex/Ice        #.....       87%         2    ###....
 Passwall                 Tmut/Erth      #.......     87%         2    ###....
 Poisonous Vapours        Pois/Air       #.....       87%         2    ###....
 Searing Ray              Conj           #.....       87%         2    ###....
 Slow                     Hex            #.......     87%         2    ###....
 Sticks to Snakes         Tmut           #.......     87%         2    ###....
 Sublimation of Blood     Necr           #.........   87%         2    ###....
 Swiftness                Chrm/Air       #.......     87%         2    ###....
 Throw Flame              Conj/Fire      #.....       87%         2    ###....
 Throw Frost              Conj/Ice       #.....       87%         2    ###....
 Force Lance              Conj/Tloc      #.......     92%         4    #####..
 Call Canine Familiar     Summ           #.......     98%         3    ####...
 Confuse                  Hex            #.......     98%         3    ####...
 Conjure Flame            Conj/Fire      #.......     98%         3    ####...
 Dazzling Spray           Conj/Hex       #.....       98%         3    ####...
 Ignite Poison            Fire/Tmut/Pois #.......     98%         3    ####...
 Inner Flame              Hex/Fire       #.......     98%         3    ####...
 Mephitic Cloud           Conj/Pois/Air  #.......     98%         3    ####...
 Ozocubu's Armour         Chrm/Ice       #.......     98%         3    ####...
 Regeneration             Chrm/Necr      #.........   98%         3    ####...
 Spider Form              Tmut/Pois      #.........   98%         3    ####...
 Static Discharge         Conj/Air       #.......     98%         3    ####...
 Stone Arrow              Conj/Erth      #.....       98%         3    ####...
 Summon Guardian Golem    Hex/Summ       #.......     98%         3    ####...
 Tukima's Dance           Hex            #.......     98%         3    ####...
 Vampiric Draining        Necr           #.........   98%         3    ####...
 Airstrike                Air            #.........   100%        4    #####..
 Animate Dead             Necr           N/A          100%        4    #####..
 Cause Fear               Hex            #.........   100%        4    #####..
 Fulminant Prism          Conj/Hex       #.........   100%        4    #####..
 Ice Form                 Ice/Tmut       #.......     100%        4    #####..
 Iskenderun's Mystic Bla  Conj           #.......     100%        4    #####..
 Leda's Liquefaction      Hex/Erth       #.........   100%        4    #####..
 Olgreb's Toxic Radiance  Pois           #.......     100%        4    #####..
 Petrify                  Tmut/Erth      #.......     100%        4    #####..
 Sticky Flame             Conj/Fire      #.......     100%        4    #####..
 Summon Ice Beast         Ice/Summ       #.......     100%        4    #####..
 Summon Lightning Spire   Summ/Air       #.......     100%        4    #####..
 Throw Icicle             Conj/Ice       #.......     100%        4    #####..
 Agony                    Necr           #.......     100%        5    ######.
 Alistair's Intoxication  Tmut/Pois      #.......     100%        5    ######.
 Aura of Abjuration       Summ           #.........   100%        5    ######.
 Blade Hands              Tmut           #.........   100%        5    ######.
 Bolt of Magma            Conj/Fire/Erth #.........   100%        5    ######.
 Borgnjor's Vile Clutch   Necr/Erth      #.........   100%        5    ######.
 Fireball                 Conj/Fire      #.........   100%        5    ######.
 Irradiate                Conj/Tmut      #.........   100%        5    ######.
 Lee's Rapid Deconstruct  Erth           #.........   100%        5    ######.
 Lightning Bolt           Conj/Air       #.........   100%        5    ######.
 Metabolic Englaciation   Hex/Ice        #.........   100%        5    ######.
 Silence                  Hex/Air        #.........   100%        5    ######.
 Summon Demon             Summ           #.........   100%        5    ######.
 Summon Forest            Summ/Tloc      #.........   100%        5    ######.
 Summon Mana Viper        Hex/Summ       #.......     100%        5    ######.
 Venom Bolt               Conj/Pois      #.........   100%        5    ######.
 Yara's Violent Unravell  Hex/Tmut       #.........   100%        5    ######.
 Bolt of Cold             Conj/Ice       #.........   100%        6    #######
 Bolt of Fire             Conj/Fire      #.........   100%        6    #######
 Darkness                 Hex            #.........   100%        6    #######
 Death Channel            Necr           #.........   100%        6    #######
 Dispersal                Tloc           ##........   100%        6    #######
 Freezing Cloud           Conj/Ice/Air   #.........   100%        6    #######
 Hydra Form               Tmut           #.........   100%        6    #######
 Invisibility             Hex            #.......     100%        6    #######
 Iron Shot                Conj/Erth      #.........   100%        6    #######
 Ozocubu's Refrigeration  Ice            #.........   100%        6    #######
 Poison Arrow             Conj/Pois      #.........   100%        6    #######
 Shadow Creatures         Summ           N/A          100%        6    #######
 Simulacrum               Ice/Necr       #.........   100%        6    #######
 Statue Form              Tmut/Erth      #........    100%        6    #######
 Dragon Form              Tmut           #.........   100%        7    #######
 Ring of Flames           Chrm/Fire      #.........   100%        7    #######
 Summon Hydra             Summ           #.........   100%        7    #######
 Chain Lightning          Conj/Air       #.........   100%        8    #######
 Controlled Blink         Tloc           N/A          100%        8    #######
 Disjunction              Tloc           ##........   100%        8    #######
 Ignition                 Fire           #.........   100%        8    #######
 Lehudib's Crystal Spear  Conj/Erth      #.........   100%        8    #######
 Dragon's Call            Summ           #.........   100%        9    #######
 Fire Storm               Conj/Fire      #.........   100%        9    #######
 Glaciate                 Conj/Ice       #.........   100%        9    #######
 Shatter                  Erth           #.........   100%        9    #######
 Tornado                  Air            #.........   100%        9    #######
 Passage of Golubria      Tloc           Unusable     N/A         4    N/A

Dungeon Overview and Level Annotations

Branches:
Dungeon (15/15)            Temple (1/1) D:4            Lair (6/6) D:9
  Swamp (4/4) Lair:4       Spider (4/4) Lair:2        Slime (5/5) Lair:6
    Orc (2/2) D:9             Elf (3/3) Orc:2        Vaults (5/5) D:14
  Crypt (3/3) Vaults:2       Tomb (3/3) Crypt:3      Depths (5/5) D:15
   Hell (1/1)                 Dis (7/7) Hell            Geh (7/7) Hell
    Coc (7/7) Hell            Tar (7/7) Hell            Zot (5/5) Depths:5

Altars:
Ashenzari
Cheibriados
Dithmenos
Elyvilon
Fedhas
Gozag
Hepliaklqana
Kikubaaqudgha
Makhleb
Nemelex Xobeh
Okawaru
Qazlal
Ru
Sif Muna
Trog
Uskayaw
Vehumet
Wu Jian
Xom
Yredelemnul
Zin
The Shining One
Jiyva
Lugonu

Shops:
D:6 [   D:7 (   D:8 *   D:9 [   D:11 :   D:15 [   Orc:2 *:*:!*   Elf:1 =
Elf:3 *   Vaults:2 %   Vaults:5 [[   Depths:1 *[[?   Depths:2 }=}

Portals:
Hell: Depths:1 Depths:2 Depths:3 Depths:4 Depths:5
Abyss: Depths:1 Depths:2 Depths:4
Pandemonium: Depths:3 Depths:4
Ziggurat: Depths:1

Annotations:
Spider:2 exclusion: door
Elf:2 1 runed door
Tar:7 Ereshkigal


Innate Abilities, Weirdness & Mutations

You are too large for most types of armour.
You have claws for hands.
Your metabolism is lightning-fast.
You like to eat raw meat.
Your natural rate of healing is unusually fast.
You are covered in fur. (AC +1)
You have very tough skin. (AC +2)
You have a pair of small antennae on your head.
You have sharp toenails.
Your magical capacity is low. (-10% MP)
You are resistant to hostile enchantments. (MR+)
Your muscles are strong. (Str +2)
Your spells are a little easier to cast, but a little less powerful.


Message History

You eviscerate the Tzitzimitl!!! You claw the Tzitzimitl.
The Tzitzimitl is severely wounded.
You scratch the Tzitzimitl but do no damage.
You claw the Tzitzimitl, but do no damage.
The Tzitzimitl is severely wounded.
You block the Tzitzimitl's attack. x2
You miss the Tzitzimitl. Your kick misses the Tzitzimitl.
The Tzitzimitl is severely wounded.
You miss the Tzitzimitl.
You claw the Tzitzimitl, but do no damage.
The Tzitzimitl is severely wounded.
You block the Tzitzimitl's attack. x2
You eviscerate the Tzitzimitl!!!
You kill the Tzitzimitl!
You enter the shallow water.
Moving in this stuff is going to be slow.
There is an open door here.
There is a staircase leading out of the dungeon here.
Okay, then.
You have escaped!

≈ #...'≈..# #### #.>.#≈≈.#
#... #...#≈≈.# #... #≈
≈≈≈≈≈≈≈#...#≈..# #... #≈≈
≈≈≈≈≈≈#####≈..# #... #≈#
+≈≈≈≈≈≈≈≈≈≈≈≈.########... #≈#
#≈≈##≈≈###≈≈≈........'...
#≈##+#≈≈##≈≈#>#≈≈..########...
#≈≈≈≈≈≈≈≈≈≈≈#@#≈≈≈.##.........
#≈≈≈≈≈≈≈≈≈≈≈#'#≈...##..(......
#≈≈≈≈≈≈≈≈≈≈≈≈≈≈.≈#.##.........
#.≈.....≈.......##.##.........
#############.####.####(######
#......# #(# ######.# #.# #.#
#÷# ## #.####.# #.


There were no monsters in sight!

Vanquished Creatures
  Cerebov (Pan)
  Asmodeus (Geh:7)
  the Royal Jelly (Slime:5)
  the Serpent of Hell (Dis:7)
  Mnoleg (Pan)
  Dispater (Dis:7)
  7 orbs of fire
  The ghost of stpyramids the Champion of Chaos, a legendary DDFi of Makhleb (Zot:3)
  Mennas (Pan)
  2 juggernauts
  11 ancient liches
  The ghost of Flapstick the Slayer, a legendary HaBe of Trog (Zot:4)
  26 greater mummies
  Sojobo (Tomb:3)
  Xtahua (Vaults:4)
  A curse toe (Zot:5)
  10 golden dragons
  5 Killer Klowns
  A profane servitor (Abyss:1)
  5 pandemonium lords
  17 bone dragons
  24 Brimstone Fiends
  3 doom hounds
  Arachne (Abyss:1)
  3 electric golems (Zot:5)
  2 iron giants
  13 Tzitzimimeh
  16 tentacled monstrosities
  Jorgrun (Swamp:2)
  2 hellephants
  12 Ice Fiends
  29 Orb Guardians
  Rupert (D:14)
  5 Hell Sentinels (Dis:7)
  5 iron dragons
  5 deep elf master archers (Elf:3)
  5 titans
  11 quicksilver dragons
  A deep elf blademaster (Elf:3)
  A kraken (Abyss:1)
  16 liches
  18 tentacled starspawn
  Asterion (Elf:3)
  11 sphinxes
  10 death cobs
  2 eldritch tentacles
  22 Executioners
  22 acid blobs
  18 ancient champions
  18 storm dragons
  8 tengu reavers
  A thorn hunter (Swamp:4)
  2 draconian monks
  16 shadow dragons
  2 revenants
  5 azure jellies
  6 deep elf sorcerers
  17 fire giants
  4 vault wardens
  16 cacodemons
  4 draconian knights
  Louise (D:14)
  5 draconian scorchers
  3 warmongers (Pan)
  40 balrugs
  14 frost giants
  7 ghost moths
  An orc warlord (Vaults:4)
  28 very ugly things
  4 emperor scorpions
  3 curse skulls
  2 deep elf elementalists
  5 draconian shifters
  44 reapers
  2 draconian stormcallers
  16 stone giants
  6 draconian annihilators
  6 entropy weavers
  18 war gargoyles
  12 ironheart preservers
  5 elemental wellsprings (Coc:7)
  7 blood saints (Pan)
  12 vampire knights
  A grey draconian (Depths:5)
  4 ghouls (Crypt:1)
  18 bennus
  8 yellow draconians
  7 green draconians
  7 dire elephants
  15 lorocyprocas (Pan)
  6 corrupters (Pan)
  7 black draconians
  2 black suns (Pan)
  3 deep elf demonologists
  11 deep elf annihilators
  4 minotaurs
  5 red draconians
  10 purple draconians
  12 spark wasps
  6 white draconians
  A merfolk javelineer (Abyss:1)
  19 mummy priests
  6 quicksilver dragon zombies
  27 blizzard demons
  3 eidola
  4 crystal guardians
  4 death oozes
  9 jiangshi
  6 green deaths (Pan)
  15 ettins
  6 deep elf death magi
  14 great orbs of eyes
  A kraken zombie (Coc:7)
  9 yaktaur captains
  11 fire dragons
  6 deep elf high priests
  13 ogre magi
  An ice dragon (shapeshifter) (Depths:1)
  5 vault guards
  8 rakshasas
  6 monstrous demonspawn (Pan)
  8 spriggan air magi
  36 ice dragons
  4 quicksilver dragon skeletons
  A naga warrior (Abyss:1)
  2 ghost crabs
  8 hydras
  5 hell beasts
  A shambling mangrove (Swamp:1)
  17 alligators
  5 catoblepae
  12 centaur warriors
  14 death yaks
  4 queen ants
  2 death knights
  22 death scarabs
  An anaconda (Lair:5)
  An anaconda (shapeshifter) (Elf:2)
  4 satyrs
  5 tengu warriors
  47 two-headed ogres
  8 deep troll earth magi
  A queen ant (shapeshifter) (Vaults:5)
  An orc high priest (Vaults:4)
  6 deep troll shamans
  47 hell hogs
  35 dancing weapons
  5 vampire magi
  4 spriggan berserkers
  9 titan zombies
  9 thrashing horrors
  64 sun demons
  A shock serpent (Tar:4)
  20 soul eaters
  4 storm dragon zombies
  5 titan skeletons
  5 iron golems
  20 deep elf knights
  13 wretched stars
  14 shadow wraiths
  21 sixfirhies
  121 hell knights
  9 anaconda zombies
  2 iron trolls
  106 skeletal warriors
  3 sea snakes
  12 flayed ghosts
  2 gelid demonspawn
  6 golden dragon zombies
  2 salamander mystics
  A spark wasp zombie (Hell)
  A storm dragon skeleton (Geh:1)
  A cherub (Pan)
  An unseen horror (shapeshifter) (Abyss:4)
  18 deep trolls
  4 spatial maelstroms
  A glowing orange brain (shapeshifter) (Depths:4)
  3 ghost moth zombies
  14 shadow demons
  3 spectral hydras (Swamp:4)
  2 obsidian statues
  11 wizards
  12 swamp dragons
  13 glowing orange brains
  11 infernal demonspawn (Pan)
  A harpy (shapeshifter) (D:14)
  A spriggan druid (Swamp:3)
  4 unseen horrors
  3 torturous demonspawn (Pan)
  6 shadow dragon zombies
  17 deep elf archers
  6 golden dragon skeletons
  11 ironbrand convokers
  A sphinx zombie (Hell)
  66 deep elf magi
  8 frost giant zombies
  17 orc knights
  An oklob plant (Lair:2)
  4 wolf spider zombies
  6 anaconda skeletons
  2 death drakes
  3 harpies (Vaults:3)
  37 necromancers
  A faun (Depths:2)
  18 phantasmal warriors
  17 orb spiders
  5 shining eyes
  32 wolf spiders
  An orb spider (shapeshifter) (Abyss:2)
  2 shadow dragon skeletons
  11 stone giant zombies
  44 ugly things
  9 cyclopes
  12 iron dragon zombies
  5 elephants
  67 large abominations
  21 moths of wrath
  8 salamanders
  6 manticores
  10 iron dragon skeletons
  3 worldbinders
  3 elf zombies
  18 fire giant zombies
  8 frost giant skeletons
  A sphinx skeleton (Crypt:2)
  2 shock serpent zombies
  2 guardian serpents (Abyss:2)
  41 rust devils
  9 black mambas
  A merfolk siren (Abyss:1)
  11 stone giant skeletons
  13 molten gargoyles
  3 naga magi
  8 fire giant skeletons
  A gargoyle (D:14)
  17 vault sentinels
  42 smoke demons
  7 dire elephant zombies
  5 apocalypse crabs
  4 torpor snails
  4 ice statues
  4 eyes of devastation
  21 orange demons
  3 shock serpent skeletons
  2 spiny frogs (shapeshifter)
  22 demonic crawlers
  3 emperor scorpion zombies
  13 spiny frogs
  A white draconian zombie (Crypt:2)
  7 komodo dragons
  5 dire elephant skeletons
  A redback zombie (Crypt:1)
  4 rime drakes
  33 freezing wraiths
  38 hellions
  3 kobold demonologists (D:13)
  5 swamp worm zombies (Swamp:4)
  40 tormentors
  17 ancient zymes
  A komodo dragon (shapeshifter) (Vaults:5)
  39 yaktaurs
  16 efreet
  2 iron troll zombies (Dis:3)
  14 hydra zombies
  2 anaconda simulacra
  2 minotaur skeletons
  A tengu conjurer (D:14)
  48 ice devils
  2 catoblepas skeletons
  33 guardian mummies
  A purple draconian skeleton (Geh:5)
  42 jumping spiders
  21 hellwings
  A silent spectre (Tar:7)
  A red draconian skeleton (Crypt:1)
  60 red devils
  15 raiju
  10 tyrant leeches
  2 merfolk
  A wind drake (shapeshifter) (Vaults:1)
  A shadow dragon simulacrum (Coc:7)
  20 hornets
  137 slime creatures
  17 trolls
  9 hydra skeletons
  A harpy skeleton (Crypt:3)
  A polar bear (Lair:5)
  3 spectral swamp dragons (Swamp:4)
  11 blink frogs
  8 hippogriffs
  A hippogriff (shapeshifter) (Elf:2)
  A dream sheep (Dis:3)
  6 alligator zombies
  9 ice dragon zombies
  6 bog bodies
  A tarantella zombie (Crypt:1)
  8 ettin zombies
  128 flying skulls
  A guardian serpent zombie (Crypt:1)
  4 air elementals
  2 black mamba zombies
  A redback (shapeshifter) (Vaults:1)
  3 wyverns
  6 alligator skeletons
  7 ice dragon skeletons
  8 spriggans
  10 fire dragon zombies
  7 ettin skeletons
  41 yaks
  10 water elementals
  42 fire elementals
  20 tarantellas
  A tarantella (shapeshifter) (Vaults:5)
  10 fire dragon skeletons
  50 redbacks
  10 ushabtiu
  24 shadows
  A vampire (D:14)
  A hog (shapeshifter) (Depths:2)
  39 starcursed masses
  A yak (shapeshifter) (Depths:4)
  40 wraiths
  25 ynoxinuls
  13 humans
  12 fire bats
  17 golden eyes
  3 hogs
  5 basilisks
  3 black mamba skeletons
  26 neqoxecs
  6 hungry ghosts
  18 chaos spawn
  A steam dragon (Depths:1)
  6 wargs
  Menkaure (D:4)
  A wind drake skeleton (Crypt:2)
  An emperor scorpion simulacrum (Crypt:1)
  12 vampire mosquitoes
  2 nagas
  9 insubstantial wisps
  11 spatial vortices
  2 merfolk zombies
  2 acid dragons
  14 water moccasins
  31 small abominations
  14 soldier ants
  9 porcupines
  7 spiny frog zombies
  19 swamp worms
  A porcupine (shapeshifter) (Vaults:4)
  70 hell hounds
  2 hydra simulacra
  A spiny frog skeleton (Hell)
  40 orc warriors
  7 sky beasts
  3 swamp drakes
  An alligator simulacrum (Coc:7)
  A merfolk skeleton (Geh:3)
  13 ice beasts
  6 eyes of draining
  A manticore zombie (Geh:5)
  3 black bears
  27 necrophages
  8 snapping turtle zombies
  A tengu (Spider:4)
  51 ogres
  A boggart (Vaults:1)
  An eye of draining (shapeshifter) (Vaults:1)
  15 phantoms
  4 swamp dragon zombies
  4 snapping turtle skeletons
  15 wolves
  25 centaurs
  3 manticore skeletons
  9 crocodiles
  2 swamp dragon skeletons
  6 earth elementals
  9 bullfrogs
  A spiny frog simulacrum (Hell)
  A spriggan zombie (Coc:7)
  2 scorpions
  A snapping turtle simulacrum (Crypt:1)
  104 wights
  A killer bee (D:9)
  A troll zombie (Tar:7)
  4 howler monkeys
  3 spriggan skeletons
  3 electric eels
  22 crimson imps
  4 centaur zombies
  6 quasits
  2 bullfrog zombies
  A human zombie (Dis:2)
  8 jellies
  21 orc priests
  A bullfrog skeleton (D:8)
  A gnoll shaman (D:5)
  4 centaur skeletons
  6 hounds
  16 orc wizards
  Crazy Yiuf (D:4)
  18 iron imps
  Ijyb (D:3)
  7 iguanas
  2 human skeletons
  16 worker ants
  A tengu zombie (Dis:7)
  An ogre zombie (Abyss:4)
  A crocodile zombie (Crypt:2)
  A naga skeleton (Tar:7)
  An ogre skeleton (Geh:7)
  3 tengu skeletons
  2 hound zombies
  3 hound skeletons
  39 mummies
  A howler monkey zombie (D:6)
  9 gnolls
  12 adders
  9 shadow imps
  14 white imps
  3 ufetubi
  2 oozes (D:3)
  3 worms
  6 dart slugs
  6 leopard geckos
  95 orcs
  9 giant cockroaches
  4 goblins
  6 hobgoblins
  6 jackals
  6 quokkas
  8 bats
  8 frilled lizards
  7 kobolds
  2 kobold skeletons
  A kobold zombie (Geh:7)
  A leopard gecko skeleton (D:4)
  An orc skeleton (Coc:6)
  3 orc zombies
  A quokka skeleton (D:7)
  A quokka zombie (D:10)
  4 rats
  A river rat zombie (Crypt:2)
  A block of ice (Pan)
  6 crawling corpses
  2 fire vortices (Pan)
  4 fungi
  5 plants
  17 starspawn tentacles
  4 tentacles
4933 creatures vanquished.

Vanquished Creatures (collateral kills)
  Antaeus (Coc:7)
  Gloorx Vloq (Pan)
  2 greater mummies (Tomb:2)
  A pandemonium lord (Pan)
  A Killer Klown (Zot:5)
  Geryon (Hell)
  A golden dragon (Zot:4)
  The ghost of Zonian the Slayer, an adept HOFi of Beogh (Vaults:4)
  A bone dragon (Abyss:2)
  A lich (Vaults:5)
  An Ice Fiend (Coc:7)
  4 tentacled monstrosities
  An ancient champion (Dis:7)
  Kirke (D:15)
  2 shadow dragons (Vaults:5)
  An azure jelly (Depths:2)
  A storm dragon (Vaults:5)
  A revenant (Crypt:1)
  2 frost giants
  A deep elf sorcerer (Elf:2)
  A cacodemon (Tar:4)
  2 vault wardens
  A deep elf elementalist (Vaults:5)
  3 reapers (Dis:5)
  3 ghouls
  A grey draconian (Depths:5)
  A war gargoyle (Hell)
  A green draconian (Zot:4)
  An entropy weaver (Lair:5)
  A bennu (Tomb:3)
  A yellow draconian (Zot:4)
  4 purple draconians (Zot:4)
  An eidolon (Vaults:4)
  A blizzard demon (Hell)
  2 deep elf death magi
  A death ooze (Depths:2)
  An ettin (Vaults:5)
  A deep elf high priest (Elf:3)
  2 mummy priests (Tomb:2)
  A fire dragon (Depths:2)
  2 ogre magi
  A great orb of eyes (Slime:5)
  3 hydras
  5 shambling mangroves
  2 ice dragons
  A ghost crab (Swamp:4)
  A rakshasa (Vaults:1)
  An alligator snapping turtle (Vaults:5)
  5 two-headed ogres
  2 death yaks
  A deep troll shaman (Depths:1)
  An alligator (Swamp:3)
  2 centaur warriors
  3 death scarabs
  A deep troll earth mage (Depths:1)
  2 thrashing horrors (Abyss:2)
  2 hell hogs (Hell)
  An orc high priest (Elf:2)
  A vampire mage (Crypt:1)
  3 soul eaters
  2 dancing weapons
  3 sun demons (Hell)
  5 hell knights
  An anaconda zombie (Tar:4)
  A spatial maelstrom (Abyss:4)
  2 flayed ghosts
  A spark wasp zombie (Hell)
  A sixfirhy (Pan)
  5 skeletal warriors
  A glowing orange brain (Vaults:2)
  An ironbrand convoker (Vaults:4)
  4 deep trolls (Depths:1)
  A swamp dragon (Swamp:4)
  A phantasmal warrior (Vaults:5)
  2 necromancers
  An orc knight (Vaults:3)
  A spectral hydra (Swamp:4)
  7 orb spiders
  A deep elf archer (Elf:2)
  A harpy (Vaults:3)
  4 wolf spiders
  An ugly thing (IceCv)
  4 deep elf magi
  An orc sorcerer (Elf:3)
  A moth of wrath (Spider:4)
  An oklob plant (Swamp:4)
  A fire giant zombie (Dis:5)
  5 rust devils
  A starcursed mass (Abyss:2)
  2 vault sentinels
  A black mamba (Lair:6)
  An eye of devastation (Depths:2)
  2 ice statues
  2 spiny frogs (Swamp:4)
  2 hellions (Dis:5)
  An efreet (Pan)
  4 komodo dragons (Lair:6)
  4 guardian mummies
  2 swamp worm zombies (Swamp:4)
  A rime drake (shapeshifter) (Depths:2)
  3 ice devils
  3 freezing wraiths
  5 yaktaurs
  A meliai (Swamp:1)
  3 jumping spiders (Spider:4)
  9 hornets
  A harpy skeleton (Tomb:3)
  4 bog bodies
  2 hippogriffs
  An ettin zombie (Abyss:4)
  An alligator zombie (Dis:5)
  7 slime creatures
  An alligator skeleton (Hell)
  5 redbacks
  2 spriggans
  A tarantella (Spider:2)
  2 wyverns (Depths:5)
  A fire bat (Abyss:4)
  2 shadows
  2 wraiths
  14 yaks
  5 ushabtiu (Tomb:2)
  2 spatial vortices (Abyss:4)
  9 vampire mosquitoes
  A warg (Elf:2)
  2 insubstantial wisps (Swamp:4)
  4 soldier ants
  2 hell hounds
  2 water moccasins
  A swamp drake (shapeshifter) (Abyss:4)
  A porcupine (D:9)
  A swamp drake (Depths:3)
  2 orc warriors (Vaults:3)
  A fire dragon simulacrum (Tomb:2)
  A snapping turtle zombie (Dis:7)
  A phantom (Swamp:4)
  2 boggarts (Depths:1)
  5 ogres
  3 centaurs (Vaults:1)
  A crocodile (D:9)
  A big kobold (D:13)
  4 wights
  An electric eel (Elf:2)
  2 crimson imps (Hell)
  A human zombie (Dis:7)
  A quasit (D:8)
  An orc wizard (D:4)
  3 iron imps (Dis:5)
  5 worker ants
  6 mummies
  An adder (D:9)
  A white imp (Coc:7)
  10 orcs
  2 kobolds (D:13)
  3 crawling corpses
  A fire vortex (Dis:5)
338 creatures vanquished.

Vanquished Creatures (others)
  A lich (Abyss:1)
  3 eldritch tentacles
  A deep elf master archer (Elf:3)
  A sphinx (Depths:1)
  2 storm dragons
  4 deep elf sorcerers
  A deep elf elementalist (Elf:3)
  An ironheart preserver (Vaults:3)
  2 reapers (Hell)
  An elemental wellspring (Coc:7)
  A bennu (Tomb:3)
  A white draconian (Zot:1)
  A purple draconian (Zot:4)
  2 deep elf annihilators (Elf:3)
  A dire elephant (Abyss:4)
  A blizzard demon (Hell)
  2 green deaths (Pan)
  A deep elf death mage (Elf:3)
  A jiangshi (Crypt:1)
  2 rakshasas (Pan)
  A hell beast (Tar:4)
  A death knight (Crypt:1)
  2 two-headed ogres
  4 death scarabs (Tomb:3)
  An alligator (Swamp:4)
  An ogre mage (Vaults:4)
  A deep troll earth mage (Depths:1)
  5 hell hogs
  A deep troll shaman (Depths:1)
  A deep elf knight (Vaults:4)
  A sun demon (Hell)
  5 hell knights
  2 sixfirhies
  A storm dragon skeleton (Geh:1)
  A shadow demon (Pan)
  2 deep trolls (Depths:1)
  A deep elf archer (Elf:3)
  4 necromancers
  A wolf spider (Spider:4)
  4 deep elf magi
  A spiny frog (Swamp:1)
  An orange demon (Pan)
  An ice statue (Hell)
  3 hellions
  A freezing wraith (Hell)
  4 tormentors (Pan)
  A yaktaur (Depths:1)
  An ice devil (Pan)
  A jumping spider (Spider:4)
  A blink frog (Abyss:4)
  A spectral swamp dragon (Swamp:4)
  3 hornets (Swamp:1)
  An ettin zombie (Hell)
  3 slime creatures (Swamp:4)
  A deep troll zombie (Hell)
  4 flying skulls
  4 redbacks
  An ice dragon skeleton (Hell)
  An alligator skeleton (Geh:2)
  A vampire (D:9)
  A tarantella (Spider:4)
  2 ynoxinuls (Pan)
  A human (D:14)
  2 shadows
  An ushabti (Tomb:2)
  4 vampire mosquitoes
  2 neqoxecs (Pan)
  A swamp worm (Depths:3)
  A large abomination (Abyss:4)
  2 hell hounds
  2 soldier ants (Lair:4)
  2 necrophages (Tar:4)
  4 ogres
  2 phantoms (Swamp:4)
  5 boggarts
  A crocodile (D:9)
  A centaur (Depths:1)
  5 killer bees (D:9)
  3 wights
  4 iron imps
  A small abomination (Abyss:4)
  A worker ant (Lair:4)
  6 orc wizards
  2 mummies (Tomb:2)
  A white imp (Hell)
  An ufetubus (Tar:4)
  45 ball lightnings
  3 orcs
  An orc zombie (Dis:5)
  A block of ice (Pan)
  2 fire vortices
  8 fungi
  2 lurking horrors
  12 plants
  27 starspawn tentacles
  6 tentacles
270 creatures vanquished.

Grand Total: 5541 creatures vanquished

Notes
Turn   | Place    | Note
-------+----------+-------------------------------------------
     0 | D:1      | sdynet the Troll Fighter began the quest for the Orb.
     0 | D:1      | Reached XP level 1. HP: 22/22 MP: 0/0
   109 | D:1      | Reached XP level 2. HP: 27/29 MP: 1/1
   499 | D:1      | Reached XP level 3. HP: 32/36 MP: 2/2
  1159 | D:2      | Reached XP level 4. HP: 44/44 MP: 3/3
  1776 | D:3      | Found a glowing golden altar of the Shining One.
  1781 | D:3      | Noticed Ijyb
  1787 | D:3      | Paralysed by Ijyb for 7 turns
  1805 | D:3      | Paralysed by Ijyb for 5 turns
  1810 | D:3      | Killed Ijyb
  1846 | D:3      | Reached skill level 5 in Unarmed Combat
  1980 | D:3      | Reached XP level 5. HP: 43/50 MP: 4/4
  2502 | D:4      | Noticed Menkaure
  2527 | D:4      | Killed Menkaure
  2527 | D:4      | Reached XP level 6. HP: 18/59 MP: 5/5
  2626 | D:4      | Found a runed door.
  2658 | D:4      | Found a staircase to the Ecumenical Temple.
  2667 | Temple   | Entered the Ecumenical Temple
  2685 | Temple   | Became a worshipper of Nemelex Xobeh the Trickster
  2815 | D:4      | Received a gift from Nemelex Xobeh
  2864 | D:4      | Reached skill level 1 in Invocations
  2935 | D:4      | Reached XP level 7. HP: 21/67 MP: 7/7
  3041 | D:4      | Noticed Crazy Yiuf
  3045 | D:4      | Killed Crazy Yiuf
  3079 | D:5      | Entered Level 5 of the Dungeon
  3156 | D:5      | Reached skill level 2 in Invocations
  3565 | D:5      | Reached skill level 3 in Invocations
  3774 | D:5      | Reached XP level 8. HP: 57/78 MP: 9/9
  3976 | D:5      | Reached * piety under Nemelex Xobeh
  4220 | D:6      | Received a gift from Nemelex Xobeh
  4245 | D:6      | Reached skill level 4 in Invocations
  4316 | D:6      | Found Ygymiemaott's Armour Boutique.
  4450 | D:6      | Reached skill level 5 in Fighting
  5038 | D:7      | Found Evaatunaff's Weapon Shop.
  5044 | D:7      | Reached skill level 5 in Invocations
  5044 | D:7      | Reached XP level 9. HP: 79/88 MP: 11/11
  5289 | D:7      | Reached ** piety under Nemelex Xobeh
  5320 | D:7      | Received a gift from Nemelex Xobeh
  5594 | D:7      | Found a white marble altar of Elyvilon.
  5667 | D:7      | Reached skill level 6 in Invocations
  5819 | D:8      | Received a gift from Nemelex Xobeh
  5905 | D:8      | Upgraded the game from 0.23-a0-511-g9e431a2 to
                  | 0.23-a0-512-gfb9f0a5
  6215 | D:8      | Noticed an angel
  6217 | D:8      | Found Vidig's Hallowed Reliquary.
  6219 | D:8      | Found a glowing silver altar of Zin.
  6294 | D:8      | Reached skill level 10 in Unarmed Combat
  6508 | D:9      | Reached XP level 10. HP: 55/100 MP: 12/14
  6543 | D:9      | Reached skill level 7 in Invocations
  6643 | D:9      | Found Lesk's Antique Armour Emporium.
  6697 | D:9      | Received a gift from Nemelex Xobeh
  6711 | D:9      | Reached *** piety under Nemelex Xobeh
  6944 | D:9      | Received a gift from Nemelex Xobeh
  6968 | D:9      | Found a staircase to the Orcish Mines.
  7075 | D:9      | Found a staircase to the Lair.
  7276 | D:10     | Entered Level 10 of the Dungeon
  7276 | D:10     | Noticed a two-headed ogre
  7278 | D:10     | Identified the +0 quarterstaff of Joyful Slaughter {holy,
                  | Str+3 Dex+7}
  7281 | D:10     | Killed a two-headed ogre
  7614 | D:10     | Received a gift from Nemelex Xobeh
  7688 | D:10     | Reached skill level 8 in Invocations
  8122 | D:11     | Noticed a manticore
  8126 | D:11     | Killed a manticore
  8165 | D:11     | Reached **** piety under Nemelex Xobeh
  8180 | D:11     | Reached XP level 11. HP: 111/111 MP: 16/16
  8188 | D:11     | Found Gimp's Book Shop.
  8237 | D:11     | Killed an unseen horror
  8450 | D:11     | Received a gift from Nemelex Xobeh
  9049 | D:12     | Noticed a death drake
  9049 | D:12     | a cyclops changed into a death drake
  9050 | D:12     | a death drake changed into a fire bat
  9307 | D:12     | Noticed a hell knight
  9604 | D:13     | Noticed a purple ugly thing
  9618 | D:13     | Killed a purple ugly thing
  9698 | D:13     | Noticed a two-headed ogre
  9703 | D:13     | Killed a two-headed ogre
  9703 | D:13     | Reached skill level 9 in Invocations
  9810 | D:13     | Found a frozen archway.
  9819 | IceCv    | Entered an ice cave
 10029 | IceCv    | Noticed a white ugly thing
 10041 | IceCv    | Killed a white ugly thing
 10068 | IceCv    | Noticed a white ugly thing
 10080 | IceCv    | Killed a white ugly thing
 10318 | D:13     | Received a gift from Nemelex Xobeh
 10381 | D:13     | Reached XP level 12. HP: 73/124 MP: 18/18
 10488 | D:13     | Reached ***** piety under Nemelex Xobeh
 10494 | D:13     | Reached skill level 10 in Invocations
 10942 | D:14     | Noticed a two-headed ogre
 10946 | D:14     | Noticed a centaur warrior
 10969 | D:14     | Killed a centaur warrior
 10970 | D:14     | Killed a two-headed ogre
 10993 | D:14     | Found a labyrinth entrance.
 11010 | D:14     | Reached skill level 10 in Fighting
 11102 | D:14     | Received a gift from Nemelex Xobeh
 11108 | Lab      | Entered a labyrinth
 11132 | Lab      | Found an exit through the horrors of the Abyss.
 11414 | Lab      | Noticed a minotaur
 11421 | Lab      | Killed a minotaur
 11423 | Lab      | Got a brightly glowing brass amulet
 11423 | Lab      | Got a brightly glowing golden ring
 11661 | D:14     | Noticed Rupert
 11665 | D:14     | Paralysed by Rupert for 5 turns
 11675 | D:14     | Noticed a two-headed ogre
 11694 | D:14     | Killed Rupert
 11696 | D:14     | Killed a two-headed ogre
 11740 | D:14     | Identified the amulet "Huol" {Gourm Str+4 Int+5 Slay+3}
                  | (You found it in a labyrinth)
 11742 | D:14     | Identified the ring of Veili {Fire rN+++ MP-9 Int+2 Stlth+}
                  | (You found it in a labyrinth)
 11750 | D:14     | Reached skill level 11 in Invocations
 12057 | D:14     | Noticed a vault guard
 12057 | D:14     | Noticed a vault guard
 12078 | D:14     | Noticed Louise
 12090 | D:14     | Killed Louise
 12090 | D:14     | Reached XP level 13. HP: 135/135 MP: 11/20
 12377 | D:15     | Entered Level 15 of the Dungeon
 12377 | D:15     | Noticed Kirke
 12428 | D:15     | Found Atsiyx's Antique Armour Emporium.
 12579 | Orc:1    | Entered Level 1 of the Orcish Mines
 12579 | Orc:1    | Received a gift from Nemelex Xobeh
 12647 | Orc:2    | Entered Level 2 of the Orcish Mines
 12765 | Orc:2    | Found Cisol's Assorted Antiques.
 12805 | Orc:2    | Bought a green potion for 32 gold pieces
 12805 | Orc:2    | Bought a dented blue amulet for 180 gold pieces
 12805 | Orc:2    | Bought a long glass wand for 144 gold pieces
 12857 | Orc:2    | Reached skill level 1 in Stealth
 12920 | Orc:2    | Upgraded the game from 0.23-a0-512-gfb9f0a5 to
                  | 0.23-a0-518-g3e12c6e
 13015 | Orc:2    | Reached skill level 1 in Armour
 13048 | Orc:2    | Received a gift from Nemelex Xobeh
 13107 | Orc:2    | Found Xieran's Distillery.
 13108 | Orc:2    | Found Lic Rimo's Assorted Antiques.
 13113 | Orc:2    | Found Uwkat's Book Emporium.
 13120 | Orc:2    | Bought a potion of ambrosia for 112 gold pieces
 13130 | Orc:2    | Found Puyxilut's Book Shop.
 13378 | Orc:2    | Found a staircase to the Elven Halls.
 13522 | Orc:2    | Found Foteid's Assorted Antiques.
 13573 | Orc:1    | Received a gift from Nemelex Xobeh
 14038 | Lair:1   | Entered Level 1 of the Lair of Beasts
 14038 | Lair:1   | Received a gift from Nemelex Xobeh
 14165 | Lair:1   | Reached ****** piety under Nemelex Xobeh
 14296 | Lair:1   | Received a gift from Nemelex Xobeh
 14556 | Lair:2   | Found a hole to the Spider Nest.
 14687 | Lair:2   | Received a gift from Nemelex Xobeh
 14783 | Lair:2   | Identified a scroll of acquirement
 14998 | Lair:2   | Received a gift from Nemelex Xobeh
 15489 | Lair:3   | Received a gift from Nemelex Xobeh
 15723 | Lair:3   | Reached XP level 14. HP: 146/146 MP: 12/21
 15725 | Lair:3   | Got a twisted hat
 15731 | Lair:3   | Identified the +1 hat of Wariness {-Cast *Corrode rF+++
                  | Int+9} (You acquired it on level 3 of the Lair of Beasts)
 15883 | Lair:3   | Received a gift from Nemelex Xobeh
 16112 | Lair:4   | Reached skill level 12 in Invocations
 16180 | Lair:4   | Found a staircase to the Swamp.
 16240 | Lair:4   | Found a glowing silver altar of Zin.
 16336 | Lair:4   | Received a gift from Nemelex Xobeh
 16518 | Lair:4   | Reached skill level 5 in Shields
 16630 | Lair:4   | Noticed an entropy weaver
 16645 | Lair:4   | Killed an entropy weaver
 16880 | Lair:5   | Upgraded the game from 0.23-a0-518-g3e12c6e to
                  | 0.23-a0-519-g2ffb492
 16992 | Lair:5   | Received a gift from Nemelex Xobeh
 17199 | Lair:5   | Noticed an entropy weaver
 17203 | Lair:5   | Killed an entropy weaver
 17249 | Lair:5   | Received a gift from Nemelex Xobeh
 17545 | Lair:5   | Received a gift from Nemelex Xobeh
 17697 | Lair:6   | Entered Level 6 of the Lair of Beasts
 17815 | Lair:6   | Reached skill level 5 in Armour
 17954 | Lair:6   | Identified the Compendium of the Traveller
 18147 | Lair:6   | Received a gift from Nemelex Xobeh
 18154 | Lair:6   | Reached skill level 5 in Stealth
 18211 | Lair:6   | Reached XP level 15. HP: 156/156 MP: 23/23
 18315 | Lair:6   | Found a staircase to the Slime Pits.
 18316 | Lair:6   | Found a viscous altar of Jiyva.
 18485 | Lair:6   | Received a gift from Nemelex Xobeh
 19071 | Swamp:1  | Entered Level 1 of the Swamp
 19131 | Swamp:1  | Reached skill level 15 in Unarmed Combat
 19143 | Swamp:1  | HP: 2/156 [smoke demon][the player character] (20)]
 19408 | Swamp:1  | Found a blossoming altar of Fedhas.
 19480 | Swamp:1  | Paralysed by a hornet for 2 turns
 19630 | Swamp:1  | Received a gift from Nemelex Xobeh
 19660 | Swamp:1  | Paralysed by a hornet for 2 turns
 20149 | Swamp:2  | Received a gift from Nemelex Xobeh
 20171 | Swamp:2  | Reached skill level 13 in Invocations
 20401 | Swamp:2  | Received a gift from Nemelex Xobeh
 20489 | Swamp:2  | Noticed a tentacled monstrosity
 20502 | Swamp:2  | Killed a tentacled monstrosity
 20584 | Swamp:2  | Noticed Jorgrun
 20600 | Swamp:2  | Killed Jorgrun
 21563 | Swamp:3  | Received a gift from Nemelex Xobeh
 21764 | Swamp:4  | Entered Level 4 of the Swamp
 21764 | Swamp:4  | Noticed a thorn hunter
 21781 | Swamp:4  | Killed a thorn hunter
 21787 | Swamp:4  | Reached XP level 16. HP: 141/167 MP: 24/24
 22763 | Swamp:4  | Noticed a bone dragon
 22792 | Swamp:4  | Killed a bone dragon
 22947 | Swamp:4  | Got a decaying rune of Zot
 23294 | Orc:2    | Bought a potion of haste for 140 gold pieces
 23294 | Orc:2    | Bought a potion of agility for 56 gold pieces
 23294 | Orc:2    | Bought 2 potions of haste for 280 gold pieces
 23294 | Orc:2    | Bought 2 potions of might for 112 gold pieces
 23294 | Orc:2    | Bought a potion of agility for 56 gold pieces
 23308 | Orc:2    | Bought a potion of resistance for 250 gold pieces
 23308 | Orc:2    | Bought a scroll of enchant armour for 187 gold pieces
 23308 | Orc:2    | Bought a scroll of identify for 50 gold pieces
 23400 | D:8      | Bought a potion of heal wounds for 60 gold pieces
 23400 | D:8      | Bought a potion of heal wounds for 60 gold pieces
 23400 | D:8      | Bought 2 potions of heal wounds for 120 gold pieces
 23400 | D:8      | Bought an uncursed amulet of faith for 480 gold pieces
 23400 | D:8      | Bought a potion of heal wounds for 60 gold pieces
 23400 | D:8      | Bought a scroll of holy word for 90 gold pieces
 23635 | D:14     | Found a gate to the Vaults.
 23676 | Vaults:1 | Entered Level 1 of the Vaults
 23714 | Vaults:1 | Received a gift from Nemelex Xobeh
 23722 | Vaults:1 | Paralysed by a wizard for 6 turns
 23739 | Vaults:1 | Identified the +5 executioner's axe of Objectivity {chop,
                  | rN+ MR+ Dex+2 Stlth+}
 24468 | Vaults:1 | Paralysed by an ogre mage for 4 turns
 24690 | Vaults:1 | Received a gift from Nemelex Xobeh
 25331 | Vaults:2 | Received a gift from Nemelex Xobeh
 25886 | Vaults:2 | Noticed an ancient champion
 26242 | Vaults:2 | Received a gift from Nemelex Xobeh
 26371 | Vaults:2 | Reached XP level 17. HP: 176/176 MP: 17/26
 26479 | Vaults:2 | Reached skill level 14 in Invocations
 26872 | Vaults:2 | Received a gift from Nemelex Xobeh
 27071 | Vaults:2 | Found Rewomats's Food Shoppe.
 27732 | Vaults:3 | Received a gift from Nemelex Xobeh
 28231 | Vaults:3 | Reached skill level 1 in Throwing
 28269 | Vaults:3 | Received a gift from Nemelex Xobeh
 28313 | Vaults:3 | Cast into level 2 of the Abyss (a deep elf sorcerer)
 28773 | Abyss:2  | Lost intelligence.
 28813 | Abyss:2  | Received a gift from Nemelex Xobeh
 28837 | Abyss:2  | Noticed an ancient lich
 28841 | Abyss:2  | Noticed a Hell Sentinel
 28851 | Abyss:2  | Killed an ancient lich
 28854 | Abyss:2  | Noticed a tentacled monstrosity
 28861 | Abyss:2  | Killed a tentacled monstrosity
 28887 | Vaults:3 | Escaped the Abyss
 29034 | Vaults:3 | Identified Sif Muna's Compendium of the Compass
 29375 | Vaults:3 | Reached XP level 18. HP: 185/188 MP: 18/27
 29442 | Vaults:3 | Received a gift from Nemelex Xobeh
 29777 | Vaults:4 | Reached skill level 10 in Shields
 29914 | Vaults:4 | Received a gift from Nemelex Xobeh
 30437 | Vaults:4 | Noticed Xtahua
 30446 | Vaults:4 | Killed Xtahua
 30842 | Vaults:4 | Reached skill level 15 in Invocations
 30928 | Vaults:4 | Reached skill level 10 in Armour
 31255 | Vaults:4 | Received a gift from Nemelex Xobeh
 31536 | Vaults:4 | Found a runed gate.
 31536 | Vaults:4 | Found a runed gate.
 31537 | Vaults:4 | Found a runed gate.
 31539 | Vaults:4 | Noticed Zonian's ghost (adept HOFi)
 31606 | Vaults:4 | Reached XP level 19. HP: 168/197 MP: 29/29
 31672 | Vaults:4 | Received a gift from Nemelex Xobeh
 32839 | D:15     | Killed Kirke
 33026 | D:15     | Received a gift from Nemelex Xobeh
 33143 | D:15     | Found a staircase to the Depths.
 33450 | Elf:1    | Entered Level 1 of the Elven Halls
 33495 | Elf:1    | Found a radiant altar of Vehumet.
 33533 | Elf:1    | Reached skill level 5 in Dodging
 33955 | Elf:1    | Received a gift from Nemelex Xobeh
 34067 | Elf:1    | Identified Vehumet's Guide on Conjuration
 34219 | Elf:1    | Found Qyipaung's Jewellery Shoppe.
 34233 | Elf:1    | Bought a cursed ring of attention for 72 gold pieces
 34233 | Elf:1    | Bought an uncursed ring of see invisible for 240 gold
                  | pieces
 34305 | Elf:1    | Got a steaming graven amulet
 34306 | Elf:1    | Identified the amulet of the Bouncing Dreams {Inacc MR+++}
                  | (You found it on level 1 of the Elven Halls)
 34641 | Elf:1    | Received a gift from Nemelex Xobeh
 34739 | Elf:2    | Cast into level 2 of the Abyss (a deep elf demonologist)
 34926 | Abyss:2  | Paralysed by accursed screaming for 1 turns
 35026 | Abyss:2  | Received a gift from Nemelex Xobeh
 35155 | Abyss:2  | Received a gift from Nemelex Xobeh
 35185 | Abyss:2  | Noticed a bone dragon
 35194 | Abyss:2  | Killed a bone dragon
 35208 | Elf:2    | Escaped the Abyss
 35680 | Elf:2    | Identified the +1 trident of the Final Decision {freeze,
                  | Dex+4}
 36328 | Elf:2    | Found a runed door.
 36354 | Elf:2    | Found a runed door.
 36602 | Elf:2    | Reached XP level 20. HP: 209/209 MP: 30/30
 36841 | Elf:2    | Received a gift from Nemelex Xobeh
 37117 | Elf:3    | Entered Level 3 of the Elven Halls
 37185 | Elf:3    | Reached skill level 15 in Fighting
 37187 | Elf:3    | Reached skill level 16 in Invocations
 37567 | Elf:3    | Received a gift from Nemelex Xobeh
 37593 | Elf:3    | Found Eshafy's General Store.
 37601 | Elf:3    | Bought a scroll of magic mapping for 66 gold pieces
 37730 | Elf:3    | Noticed Asterion
 37752 | Elf:3    | Killed Asterion
 37913 | Elf:3    | Found the +5 robe of Misfortune {*Contam Harm *Corrode
                  | *Drain *Slow EV+5}
 38002 | Elf:3    | Identified the ring of Salvation {rPois rF+ Str-3 Int+2
                  | SInv Stlth+} (You found it on level 3 of the Elven Halls)
 38038 | Elf:3    | Found the +10 morningstar "Eos" {elec, Halo rElec}
 38042 | Elf:3    | Found the cursed +14 obsidian axe {chop, +Fly SInv *Curse}
 38110 | Elf:3    | Got a flickering silver ring
 38111 | Elf:3    | Identified the ring of the Rose {rPois rC++ Int+4 SInv
                  | Stlth+} (You found it on level 3 of the Elven Halls)
 38228 | Elf:3    | Received a gift from Nemelex Xobeh
 38490 | Spider:1 | Entered Level 1 of the Spider Nest
 39039 | Spider:2 | Noticed Arachne
 39041 | Spider:2 | Banished Arachne
 39962 | Spider:2 | Received a gift from Nemelex Xobeh
 40271 | Spider:3 | Reached XP level 21. HP: 219/219 MP: 23/32
 40877 | Spider:4 | Entered Level 4 of the Spider Nest
 41221 | Spider:4 | Received a gift from Nemelex Xobeh
 41780 | Spider:4 | Got a gossamer rune of Zot
 42416 | Vaults:2 | Found a staircase to the Crypt.
 42424 | Crypt:1  | Entered Level 1 of the Crypt
 42853 | Crypt:1  | Reached skill level 5 in Throwing
 43320 | Crypt:1  | Received a gift from Nemelex Xobeh
 43831 | Crypt:2  | Reached skill level 17 in Invocations
 44023 | Crypt:2  | Received a gift from Nemelex Xobeh
 44525 | Crypt:3  | Entered Level 3 of the Crypt
 44670 | Crypt:3  | Reached XP level 22. HP: 190/230 MP: 24/33
 45123 | Crypt:3  | Found a basalt altar of Yredelemnul.
 45123 | Crypt:3  | Noticed an ancient lich
 45143 | Crypt:3  | Killed an ancient lich
 45184 | Crypt:3  | Identified the Guide on Poisonous Transmutation
 45187 | Crypt:3  | Got a smoking golden amulet
 45188 | Crypt:3  | Identified the amulet of Wishful Thinking {Faith Int+4}
                  | (You found it on level 3 of the Crypt)
 45687 | Crypt:3  | Found a staircase to the Tomb.
 45909 | Tomb:1   | Entered Level 1 of the Tomb of the Ancients
 46196 | Tomb:1   | Received a gift from Nemelex Xobeh
 46279 | Tomb:1   | Received a gift from Nemelex Xobeh
 47441 | Depths:1 | Entered Level 1 of the Depths
 47461 | Depths:1 | Received a gift from Nemelex Xobeh
 47516 | Depths:1 | Found a gateway to Hell.
 47641 | Depths:1 | Found a gateway to a ziggurat.
 47895 | Depths:1 | Found a corrupted altar of Lugonu.
 47895 | Depths:1 | Found a one-way gate to the infinite horrors of the Abyss.
 47946 | Depths:1 | Paralysed by a vampire knight for 2 turns
 47956 | Depths:1 | Reached XP level 23. HP: 84/240 MP: 25/34
 48252 | Depths:1 | Found Afirry's Magic Scroll Boutique.
 48278 | Depths:1 | Found Mesauh's Armour Boutique.
 48278 | Depths:1 | Found Loitsiul's Armour Shop.
 48288 | Depths:1 | Found Funesuog's Assorted Antiques.
 48294 | Depths:1 | Bought a clouded emerald amulet for 120 gold pieces
 48306 | Depths:1 | Identified the amulet of Gobbow {*Slow +Rage +Inv Str+3}
                  | (You bought it in a shop on level 1 of the Depths)
 48719 | Vaults:4 | Killed Zonian's ghost
 48789 | Vaults:4 | Gained mutation: You expend magic power (3 MP) to
                  | strengthen your wands. [potion of mutation]
 48789 | Vaults:4 | Gained mutation: You tend to lose your temper in combat.
                  | [potion of mutation]
 48789 | Vaults:4 | Gained mutation: You are frail. (-10% HP) [potion of
                  | mutation]
 48789 | Vaults:4 | Gained mutation: Your system is resistant to poisons.
                  | (rPois) [potion of mutation]
 48790 | Vaults:4 | Lost mutation: You tend to lose your temper in combat.
                  | [potion of mutation]
 48790 | Vaults:4 | Lost mutation: You expend magic power (3 MP) to strengthen
                  | your wands. [potion of mutation]
 48790 | Vaults:4 | Lost mutation: You are frail. (-10% HP) [potion of
                  | mutation]
 48790 | Vaults:4 | Lost mutation: Your system is resistant to poisons. (rPois)
                  | [potion of mutation]
 48790 | Vaults:4 | Gained mutation: You have a pair of small horns on your
                  | head. [potion of mutation]
 48790 | Vaults:4 | Gained mutation: You possess an exceptional clarity of
                  | mind. [potion of mutation]
 48830 | Vaults:5 | Entered Level 5 of the Vaults
 49070 | Vaults:5 | Received a gift from Nemelex Xobeh
 49105 | Vaults:5 | Got a silver rune of Zot
 49198 | Vaults:5 | Identified the -1 long sword of Cheibriados {slice, Dex+4}
 49299 | Vaults:5 | Reached skill level 18 in Invocations
 49793 | Vaults:5 | Identified the +8 long sword of the Maze {flame, +Fly rC+}
 49913 | Vaults:5 | Identified the ring "Wean" {rPois Str+2 Dex+5}
 50149 | Vaults:5 | Identified the +5 fire dragon scales of Hopscotch {-Tele
                  | rF++ rC- rN+ Str+4}
 50174 | Vaults:5 | Identified the amulet of the Open Hand {Spirit rF+ Str+2
                  | SInv}
 50656 | Vaults:5 | Received a gift from Nemelex Xobeh
 50691 | Vaults:5 | Reached XP level 24. HP: 210/253 MP: 35/35
 50772 | Vaults:5 | Received a gift from Nemelex Xobeh
 50784 | Vaults:5 | Found Omoaf's Armour Shop.
 50884 | Vaults:5 | Found Ribohas's Armour Boutique.
 51279 | Depths:2 | Found a transporter.
 51279 | Depths:2 | Found a transporter.
 51297 | Depths:2 | Noticed a juggernaut
 51304 | Depths:2 | Noticed a shard shrike
 51304 | Depths:2 | a juggernaut changed into a shard shrike
 51324 | Depths:2 | a shard shrike changed into a catoblepas
 51635 | Depths:2 | Received a gift from Nemelex Xobeh
 51666 | Depths:2 | Got a pitted platinum amulet
 51667 | Depths:2 | Identified the amulet of Zepias Zipo {+Rage rF+} (You found
                  | it on level 2 of the Depths)
 51795 | Depths:2 | Found Kullem's Gadget Shop.
 51802 | Depths:2 | Found Ykujy's Jewellery Emporium.
 51803 | Depths:2 | Found Tufibire's Gadget Shop.
 51811 | Depths:2 | Bought the amulet of Opai {Fragile rElec Regen+ Dex+2} for
                  | 426 gold pieces
 52270 | Depths:1 | Bought a scroll of enchant armour for 135 gold pieces
 52790 | Depths:3 | Found a portal to a secret trove of treasure.
 53061 | Depths:4 | Received a gift from Nemelex Xobeh
 53143 | Depths:3 | Found a one-way gate leading to the halls of Pandemonium.
 53288 | Depths:3 | Reached skill level 15 in Shields
 53700 | D:15     | Bought the +7 Kryia's mail coat {PotionHeal*2 rC+} for 1740
                  | gold pieces
 53700 | D:15     | Found the +7 Kryia's mail coat {PotionHeal*2 rC+}
 53827 | Depths:3 | You paid a toll of Kryia's mail coat to enter a treasure
                  | trove
 53828 | Trove    | Entered a treasure trove
 53831 | Trove    | Found the +5 robe of Night {Dark MR+ SInv}
 53834 | Trove    | Found the +2 hat of the Bear Spirit {Spirit, +Rage rN+
                  | MR++}
 53860 | Trove    | Got encrusted acid dragon scales
 53871 | Trove    | Identified the +1 acid dragon scales of Jyppud {+Fly rC-
                  | MR+ rCorr Dex+7} (You found it in a treasure trove)
 53888 | Trove    | Got a pitted cloak
 53899 | Trove    | Identified the +0 cloak "Ozeakli" {rF+ rN+ rCorr} (You
                  | found it in a treasure trove)
 54067 | Depths:2 | Bought a cursed ring of positive energy for 170 gold pieces
 54915 | Depths:4 | Reached XP level 25. HP: 156/262 MP: 23/35
 55190 | Depths:4 | Received a gift from Nemelex Xobeh
 55312 | Depths:4 | Reached skill level 15 in Armour
 55418 | Depths:4 | Reached skill level 19 in Invocations
 55569 | Depths:4 | Noticed a juggernaut
 55604 | Depths:4 | Killed a juggernaut
 55937 | Depths:5 | Entered Level 5 of the Depths
 55941 | Depths:5 | Received a gift from Nemelex Xobeh
 56083 | Depths:5 | Upgraded the game from 0.23-a0-519-g2ffb492 to
                  | 0.23-a0-521-gcbeb077
 56306 | Depths:5 | Noticed a juggernaut
 56345 | Depths:5 | Killed a juggernaut
 56347 | Depths:5 | Identified the +2 trident of Extermination {venom, rN+ MR+}
 56523 | Depths:5 | Received a gift from Nemelex Xobeh
 56697 | Depths:5 | Found a gate to the Realm of Zot.
 57273 | Slime:1  | Entered Level 1 of the Pits of Slime
 57342 | Slime:1  | Received a gift from Nemelex Xobeh
 57938 | Slime:2  | Received a gift from Nemelex Xobeh
 58045 | Slime:3  | Gained mutation: Your spells are a little easier to cast,
                  | but a little less powerful. [a shining eye]
 58046 | Slime:3  | Gained mutation: You are frail. (-10% HP) [a shining eye]
 58077 | Slime:3  | Reached XP level 26. HP: 237/246 MP: 34/35
 58468 | Slime:4  | Received a gift from Nemelex Xobeh
 58638 | Slime:5  | Entered Level 5 of the Pits of Slime
 58750 | Slime:5  | Gained mutation: You are very frail. (-20% HP) [a shining
                  | eye]
 58922 | Slime:4  | Received a gift from Nemelex Xobeh
 59273 | Slime:5  | Noticed the Royal Jelly
 59274 | Slime:5  | Gained mutation: You are weak. (Str -2) [a shining eye]
 59287 | Slime:5  | Killed the Royal Jelly
 59335 | Slime:5  | Got a slimy rune of Zot
 59394 | Slime:5  | Identified Bejilem's Tome of the Ghastly Rocks
 59417 | Slime:5  | Got a brightly glowing steel ring
 59418 | Slime:5  | Identified the ring of Irrepressible Laughter {*Tele
                  | *Corrode rF+ rN++ Stlth+} (You found it on level 5 of the
                  | Pits of Slime)
 59454 | Slime:5  | Received a gift from Nemelex Xobeh
 59792 | Depths:1 | Lost mutation: You are very frail. (-20% HP) [potion of
                  | mutation]
 59792 | Depths:1 | Lost mutation: You are frail. (-10% HP) [potion of
                  | mutation]
 59792 | Depths:1 | Gained mutation: You have a pair of horns on your head.
                  | [potion of mutation]
 59792 | Depths:1 | Gained mutation: You have sharp toenails. [potion of
                  | mutation]
 59835 | Depths:1 | Voluntarily entered the Abyss.
 60105 | Abyss:2  | Received a gift from Nemelex Xobeh
 60262 | Abyss:2  | Received a gift from Nemelex Xobeh
 60375 | Abyss:3  | Lost mutation: You possess an exceptional clarity of mind.
                  | [a neqoxec]
 60495 | Abyss:3  | Paralysed by accursed screaming for 1 turns
 60565 | Abyss:4  | Received a gift from Nemelex Xobeh
 60718 | Abyss:4  | Found a corrupted altar of Lugonu.
 60748 | Abyss:4  | Got an abyssal rune of Zot
 60971 | Abyss:4  | Found a corrupted altar of Lugonu.
 61187 | Abyss:4  | Reached skill level 20 in Invocations
 61201 | Abyss:4  | Noticed an ancient lich
 61236 | Abyss:4  | Killed an ancient lich
 61286 | Abyss:4  | Received a gift from Nemelex Xobeh
 61299 | Depths:1 | Escaped the Abyss
 61483 | Zot:1    | Entered Level 1 of the Realm of Zot
 61643 | Zot:1    | Reached XP level 27. HP: 265/284 MP: 27/36
 62662 | Zot:2    | Received a gift from Nemelex Xobeh
 62892 | Zot:2    | Noticed an orb of fire
 62911 | Zot:2    | Gained mutation: Your magical capacity is low. (-10% MP)
                  | [an orb of fire]
 62920 | Zot:2    | Killed an orb of fire
 62975 | Zot:2    | Received a gift from Nemelex Xobeh
 63789 | Zot:3    | Found a large runed door.
 63792 | Zot:3    | Found a large runed door.
 63796 | Zot:3    | Noticed stpyramids's ghost (legendary DDFi)
 63829 | Zot:3    | Killed stpyramids's ghost
 63972 | Zot:3    | Received a gift from Nemelex Xobeh
 64378 | Zot:4    | Received a gift from Nemelex Xobeh
 65134 | Zot:4    | Received a gift from Nemelex Xobeh
 65181 | Zot:4    | Found a runed door.
 65181 | Zot:4    | Noticed Flapstick's ghost (legendary HaBe)
 65217 | Zot:4    | Killed Flapstick's ghost
 65406 | Zot:5    | Entered Level 5 of the Realm of Zot
 65560 | Zot:5    | Received a gift from Nemelex Xobeh
 65790 | Zot:5    | Reached skill level 21 in Invocations
 65819 | Zot:5    | Noticed an ancient lich
 65852 | Zot:5    | Killed an ancient lich
 65869 | Zot:5    | Noticed an ancient lich
 65870 | Zot:5    | Noticed an ancient lich
 65877 | Zot:5    | Noticed an orb of fire
 65879 | Zot:5    | Noticed an ancient lich
 65883 | Zot:5    | Noticed an orb of fire
 65884 | Zot:5    | Noticed an orb of fire
 65885 | Zot:5    | Gained mutation: Armour fits poorly on your strangely
                  | shaped body. [an orb of fire]
 65889 | Zot:5    | Noticed an orb of fire
 65890 | Zot:5    | Noticed an orb of fire
 65912 | Zot:5    | Killed an orb of fire
 65916 | Zot:5    | Killed an orb of fire
 65924 | Zot:5    | Killed an orb of fire
 65928 | Zot:5    | Noticed an orb of fire
 65932 | Zot:5    | Killed an orb of fire
 65939 | Zot:5    | Killed an ancient lich
 65948 | Zot:5    | Killed an ancient lich
 65959 | Zot:5    | Killed an orb of fire
 65967 | Zot:5    | Killed an ancient lich
 65982 | Zot:5    | Noticed an ancient lich
 65982 | Zot:5    | Noticed an ancient lich
 65990 | Zot:5    | Killed an ancient lich
 66005 | Zot:5    | Killed an ancient lich
 66013 | Zot:5    | Gained mutation: Your flesh is heat resistant. (rF+) [an
                  | orb of fire]
 66018 | Zot:5    | Killed an orb of fire
 66381 | Zot:5    | Received a gift from Nemelex Xobeh
 66738 | Depths:4 | Lost mutation: You have a pair of horns on your head.
                  | [potion of mutation]
 66738 | Depths:4 | Lost mutation: You have a pair of small horns on your head.
                  | [potion of mutation]
 66738 | Depths:4 | Lost mutation: You are weak. (Str -2) [potion of mutation]
 66738 | Depths:4 | Gained mutation: You possess an exceptional clarity of
                  | mind. [potion of mutation]
 66739 | Depths:4 | Lost mutation: Your flesh is heat resistant. (rF+) [potion
                  | of mutation]
 66739 | Depths:4 | Lost mutation: Armour fits poorly on your strangely shaped
                  | body. [potion of mutation]
 66739 | Depths:4 | Gained mutation: You expend magic power (3 MP) to
                  | strengthen your wands. [potion of mutation]
 66739 | Depths:4 | Lost mutation: Your magical capacity is low. (-10% MP)
                  | [potion of mutation]
 66739 | Depths:4 | Gained mutation: You are agile. (Dex +2) [potion of
                  | mutation]
 66752 | Pan      | Entered Pandemonium
 66793 | Pan      | Noticed Mennas
 66817 | Pan      | Killed Mennas
 66928 | Pan      | Noticed Pazeixki the pandemonium lord
 66963 | Pan      | Killed Pazeixki the pandemonium lord
 67022 | Pan      | Noticed Tochuh the pandemonium lord
 67022 | Pan      | Gained mutation: You have a pair of small horns on your
                  | head. [a neqoxec]
 67031 | Pan      | Killed Tochuh the pandemonium lord
 67318 | Pan      | Received a gift from Nemelex Xobeh
 67386 | Pan      | Found an exit through the horrors of the Abyss.
 67513 | Pan      | Learned a level 1 spell: Apportation
 67674 | Pan      | Entered the realm of Cerebov.
 67743 | Pan      | Reached skill level 1 in Translocations
 67770 | Pan      | Reached skill level 1 in Spellcasting
 67932 | Pan      | Identified the +6 sword of Cerebov {flame}
 67932 | Pan      | Noticed Cerebov
 67935 | Pan      | Received a gift from Nemelex Xobeh
 67957 | Pan      | Killed Cerebov
 68009 | Pan      | Got a fiery rune of Zot
 68190 | Pan      | Reached skill level 22 in Invocations
 68252 | Pan      | Got a translucent copper amulet
 68253 | Pan      | Identified the amulet "Askavydu" {Acrobat rPois rF- Int+5}
                  | (You found it in Pandemonium)
 68288 | Pan      | Got a smoking amber ring
 68289 | Pan      | Identified the ring "Quasch" {+Fly rPois Dex+4} (You found
                  | it in Pandemonium)
 68571 | Pan      | Entered the realm of Gloorx Vloq.
 68863 | Pan      | Received a gift from Nemelex Xobeh
 68924 | Pan      | Noticed Gloorx Vloq
 69015 | Pan      | Killed Gloorx Vloq
 69025 | Pan      | Got a dark rune of Zot
 69248 | Pan      | Received a gift from Nemelex Xobeh
 69439 | Pan      | Received a gift from Nemelex Xobeh
 69458 | Pan      | Gained mutation: Your magical capacity is low. (-10% MP) [a
                  | cacodemon]
 69717 | Pan      | Received a gift from Nemelex Xobeh
 69897 | Pan      | Noticed Xuetheuddo the pandemonium lord
 69914 | Pan      | Killed Xuetheuddo the pandemonium lord
 69923 | Pan      | Reached skill level 5 in Translocations
 69967 | Pan      | Entered the realm of Mnoleg.
 69996 | Pan      | Found an exit through the horrors of the Abyss.
 70013 | Pan      | Lost mutation: You possess an exceptional clarity of mind.
                  | [a neqoxec]
 70019 | Pan      | Lost mutation: You have a pair of small horns on your head.
                  | [a neqoxec]
 70244 | Pan      | Gained mutation: Your spells are easier to cast, but less
                  | powerful. [a neqoxec]
 70342 | Pan      | Received a gift from Nemelex Xobeh
 70409 | Pan      | Noticed Mnoleg
 70437 | Pan      | Killed Mnoleg
 70460 | Pan      | Got a glowing rune of Zot
 70622 | Pan      | Lost mutation: You are agile. (Dex +2) [potion of mutation]
 70622 | Pan      | Lost mutation: Your spells are easier to cast, but less
                  | powerful. [potion of mutation]
 70622 | Pan      | Gained mutation: Your magical capacity is very low. (-20%
                  | MP) [potion of mutation]
 70622 | Pan      | Gained mutation: You possess an exceptional clarity of
                  | mind. [potion of mutation]
 70622 | Pan      | Gained mutation: Your muscles are strong. (Str +2) [potion
                  | of mutation]
 71093 | Pan      | Noticed Jerouhadal the pandemonium lord
 71097 | Pan      | Cast into level 1 of the Abyss (drawing a card)
 71179 | Pan      | Escaped the Abyss
 71188 | Pan      | Killed Jerouhadal the pandemonium lord
 71231 | Pan      | Entered the realm of Lom Lobon.
 71434 | Pan      | Received a gift from Nemelex Xobeh
 71498 | Pan      | Got a wavering marble ring
 71499 | Pan      | Identified the ring of the Well-Known Hells {MR+ MP+9} (You
                  | acquired it in Pandemonium)
 71761 | Pan      | Noticed Lom Lobon
 71907 | Pan      | Got a magical rune of Zot
 72211 | Pan      | Noticed Xeaz the pandemonium lord
 72227 | Pan      | Killed Xeaz the pandemonium lord
 72291 | Pan      | Received a gift from Nemelex Xobeh
 72342 | Pan      | Found an exit through the horrors of the Abyss.
 72398 | Pan      | Got a demonic rune of Zot
 73076 | Pan      | Took an exit into the Abyss.
 73076 | Abyss:1  | Escaped into the Abyss
 73110 | Abyss:1  | Received a gift from Nemelex Xobeh
 73122 | Depths:4 | Escaped the Abyss
 73199 | Hell     | Entered the Vestibule of Hell
 73199 | Hell     | Noticed Geryon
 73253 | Hell     | Killed Geryon
 73629 | Hell     | Found a gateway to the decaying netherworld of Tartarus.
 73715 | Hell     | Found a gateway to the freezing wastes of Cocytus.
 73890 | Hell     | Found a gateway to the ashen valley of Gehenna.
 73937 | Hell     | Found a gateway to the Iron City of Dis.
 73970 | Coc:1    | Entered Level 1 of Cocytus
 74027 | Coc:2    | Received a gift from Nemelex Xobeh
 74093 | Coc:2    | Reached skill level 23 in Invocations
 74346 | Coc:7    | Entered Level 7 of Cocytus
 74596 | Coc:7    | Learned a level 2 spell: Blink
 75079 | Coc:7    | Received a gift from Nemelex Xobeh
 75196 | Coc:7    | Noticed Antaeus
 75343 | Coc:7    | Killed Antaeus
 75392 | Coc:7    | Got an icy rune of Zot
 75408 | Coc:7    | Found the +3 robe of Clouds {+Thunder rCloud rElec}
 76107 | Geh:1    | Entered Level 1 of Gehenna
 76438 | Geh:1    | Received a gift from Nemelex Xobeh
 76816 | Geh:1    | Gained mutation: Your magical capacity is extremely low.
                  | (-30% MP) [mutagenic glow]
 76853 | Geh:1    | Gained mutation: You occasionally shout uncontrollably at
                  | your foes. [mutagenic glow]
 77506 | Geh:2    | Received a gift from Nemelex Xobeh
 78656 | Geh:3    | Received a gift from Nemelex Xobeh
 78817 | Geh:4    | Gained mutation: You are resistant to hostile enchantments.
                  | (MR+) [mutagenic glow]
 79178 | Depths:4 | Voluntarily entered the Abyss.
 79179 | Abyss:1  | Found a corrupted altar of Lugonu.
 79207 | Abyss:1  | Received a gift from Nemelex Xobeh
 79332 | Abyss:1  | Noticed an ancient lich
 79338 | Abyss:1  | Killed an ancient lich
 79677 | Abyss:1  | Received a gift from Nemelex Xobeh
 79707 | Abyss:1  | Reached skill level 24 in Invocations
 79996 | Abyss:1  | Received a gift from Nemelex Xobeh
 79997 | Abyss:1  | Found a corrupted altar of Lugonu.
 80162 | Abyss:1  | Received a gift from Nemelex Xobeh
 80200 | Depths:4 | Escaped the Abyss
 80944 | Geh:6    | Received a gift from Nemelex Xobeh
 81190 | Geh:7    | Entered Level 7 of Gehenna
 81190 | Geh:7    | Received a gift from Nemelex Xobeh
 81713 | Geh:7    | Received a gift from Nemelex Xobeh
 81976 | Geh:7    | Identified the +7 sceptre of Asmodeus
 81976 | Geh:7    | Noticed Asmodeus
 81989 | Geh:7    | Killed Asmodeus
 81995 | Geh:7    | Got an obsidian rune of Zot
 82238 | Tar:1    | Entered Level 1 of Tartarus
 82502 | Tar:3    | Received a gift from Nemelex Xobeh
 83186 | Tar:5    | Received a gift from Nemelex Xobeh
 83349 | Tar:5    | Gained mutation: Armour fits poorly on your strangely
                  | shaped body. [mutagenic glow]
 83508 | Tar:7    | Entered Level 7 of Tartarus
 84025 | Tar:7    | Received a gift from Nemelex Xobeh
 84227 | Tar:7    | Noticed Ereshkigal
 84233 | Tar:7    | Got a bone rune of Zot
 84402 | Dis:1    | Entered Level 1 of the Iron City of Dis
 84427 | Dis:1    | Reached skill level 25 in Invocations
 84488 | Dis:1    | Received a gift from Nemelex Xobeh
 84757 | Dis:2    | Received a gift from Nemelex Xobeh
 85095 | Dis:4    | Received a gift from Nemelex Xobeh
 85278 | Dis:5    | You fall through a shaft!
 85639 | Dis:6    | You fall through a shaft!
 85639 | Dis:7    | Entered Level 7 of the Iron City of Dis
 85647 | Dis:7    | Noticed the Serpent of Hell
 85678 | Dis:7    | Killed the Serpent of Hell
 85688 | Dis:7    | Received a gift from Nemelex Xobeh
 86580 | Dis:7    | Identified the +4 staff of Dispater
 86580 | Dis:7    | Noticed Dispater
 86594 | Dis:7    | Killed Dispater
 86620 | Dis:7    | Got an iron rune of Zot
 86910 | Dis:7    | Identified Varan's Almanac of the Unholy Mountains
 87106 | Dis:7    | Received a gift from Nemelex Xobeh
 87364 | Depths:1 | Voluntarily entered the Abyss.
 87374 | Abyss:1  | Found a corrupted altar of Lugonu.
 87384 | Abyss:2  | Found a shimmering altar of Xom.
 87428 | Abyss:2  | Found a shimmering altar of Xom.
 87435 | Abyss:2  | Found a corrupted altar of Lugonu.
 87617 | Abyss:2  | Received a gift from Nemelex Xobeh
 87698 | Abyss:2  | Found a corrupted altar of Lugonu.
 88105 | Abyss:2  | Received a gift from Nemelex Xobeh
 88318 | Depths:1 | Escaped the Abyss
 88319 | Depths:1 | Lost mutation: Your magical capacity is extremely low.
                  | (-30% MP) [potion of mutation]
 88319 | Depths:1 | Lost mutation: You expend magic power (3 MP) to strengthen
                  | your wands. [potion of mutation]
 88319 | Depths:1 | Gained mutation: You have a pair of small antennae on your
                  | head. [potion of mutation]
 88320 | Depths:1 | Lost mutation: Your magical capacity is very low. (-20% MP)
                  | [potion of mutation]
 88320 | Depths:1 | Lost mutation: Armour fits poorly on your strangely shaped
                  | body. [potion of mutation]
 88320 | Depths:1 | Lost mutation: You occasionally shout uncontrollably at
                  | your foes. [potion of mutation]
 88320 | Depths:1 | Lost mutation: Your muscles are strong. (Str +2) [potion of
                  | mutation]
 88320 | Depths:1 | Gained mutation: You are robust. (+10% HP) [potion of
                  | mutation]
 88320 | Depths:1 | Gained mutation: Your muscles are strong. (Str +2) [potion
                  | of mutation]
 88790 | Tomb:2   | Received a gift from Nemelex Xobeh
 88791 | Tomb:2   | Noticed a greater mummy
 88794 | Tomb:2   | Noticed a greater mummy
 88800 | Tomb:2   | Killed a greater mummy
 88833 | Tomb:2   | Killed a greater mummy
 88833 | Tomb:2   | Reached skill level 26 in Invocations
 88849 | Tomb:2   | Noticed a greater mummy
 89088 | Tomb:2   | Noticed a greater mummy
 89094 | Tomb:2   | Killed a greater mummy
 89099 | Tomb:2   | Killed a greater mummy
 89331 | Tomb:1   | Noticed a greater mummy
 89334 | Tomb:1   | Noticed a greater mummy
 89334 | Tomb:1   | Noticed a greater mummy
 89339 | Tomb:1   | Noticed a greater mummy
 89367 | Tomb:1   | Killed a greater mummy
 89383 | Tomb:1   | Noticed a greater mummy
 89404 | Tomb:1   | Killed a greater mummy
 89630 | Tomb:1   | Noticed a greater mummy
 89636 | Tomb:1   | Killed a greater mummy
 89639 | Tomb:1   | Noticed a greater mummy
 89650 | Tomb:1   | Killed a greater mummy
 89650 | Tomb:1   | Noticed a greater mummy
 89661 | Tomb:1   | Killed a greater mummy
 89682 | Tomb:1   | Noticed a greater mummy
 89690 | Tomb:1   | Killed a greater mummy
 89714 | Tomb:1   | Noticed a greater mummy
 89746 | Tomb:1   | Killed a greater mummy
 89785 | Tomb:1   | Noticed a greater mummy
 89785 | Tomb:1   | Noticed a greater mummy
 89786 | Tomb:1   | Noticed a greater mummy
 89789 | Tomb:1   | Noticed a greater mummy
 89790 | Tomb:1   | Noticed a greater mummy
 89797 | Tomb:1   | Killed a greater mummy
 89800 | Tomb:1   | Noticed a greater mummy
 89903 | Tomb:2   | Killed a greater mummy
 90050 | Tomb:1   | Killed a greater mummy
 90162 | Tomb:1   | Killed a greater mummy
 90194 | Tomb:1   | Killed a greater mummy
 90367 | Tomb:1   | Killed a greater mummy
 90478 | Tomb:1   | Killed a greater mummy
 90599 | Tomb:2   | Identified the +2 executioner's axe "Dyam" {venom, rPois
                  | Str+3}
 90837 | Tomb:2   | Killed a greater mummy
 90865 | Tomb:2   | Killed a greater mummy
 91018 | Tomb:3   | Entered Level 3 of the Tomb of the Ancients
 91038 | Tomb:3   | Noticed a greater mummy
 91066 | Tomb:3   | Killed a greater mummy
 91068 | Tomb:3   | Noticed a greater mummy
 91075 | Tomb:3   | Noticed an ancient lich
 91077 | Tomb:3   | Noticed a greater mummy
 91084 | Tomb:3   | Killed an ancient lich
 91084 | Tomb:3   | Killed a greater mummy
 91094 | Tomb:3   | Killed a greater mummy
 91114 | Tomb:3   | Noticed a greater mummy
 91131 | Tomb:3   | Killed a greater mummy
 91282 | Tomb:3   | Identified the ring "Caygis" {rPois rC- MR+ Slay+4}
 91377 | Tomb:3   | Noticed Sojobo
 91404 | Tomb:3   | Killed Sojobo
 91420 | Tomb:3   | Noticed a greater mummy
 91428 | Tomb:3   | Killed a greater mummy
 91446 | Tomb:3   | Noticed a greater mummy
 91455 | Tomb:3   | Killed a greater mummy
 91483 | Tomb:3   | Noticed a greater mummy
 91493 | Tomb:3   | Killed a greater mummy
 91532 | Tomb:3   | Got a bound brass ring
 91533 | Tomb:3   | Identified the ring "Zoulumu" {Int-2 Dex+6 Stlth-} (You
                  | found it on level 3 of the Tomb of the Ancients)
 91541 | Tomb:3   | Identified the +0 cloak "Jeownay" {rC+ Int+8} (You found it
                  | on level 3 of the Tomb of the Ancients)
 91543 | Tomb:3   | Identified the Grimoire of Lightness and Earth
 91547 | Tomb:3   | Got an ancient wooden ring
 91548 | Tomb:3   | Identified the ring of Iwaicuan {rF+ Int-5 Slay+5} (You
                  | found it on level 3 of the Tomb of the Ancients)
 91625 | Tomb:3   | Noticed a greater mummy
 91648 | Tomb:3   | Killed a greater mummy
 91677 | Tomb:3   | Got a golden rune of Zot
 92245 | Depths:4 | Voluntarily entered the Abyss.
 92245 | Abyss:1  | Received a gift from Nemelex Xobeh
 92297 | Abyss:1  | Found a corrupted altar of Lugonu.
 92338 | Abyss:1  | Killed Arachne
 92462 | Abyss:1  | Received a gift from Nemelex Xobeh
 92480 | Abyss:1  | Reached skill level 27 in Invocations
 92588 | Depths:4 | Escaped the Abyss
 92897 | Zot:5    | Got the Orb of Zot
 93013 | Zot:4    | Noticed Pebueki the pandemonium lord
 93016 | Zot:4    | Lost mutation: You possess an exceptional clarity of mind.
                  | [a cacodemon]
 93192 | Depths:5 | Lost mutation: You are robust. (+10% HP) [a neqoxec]
 93195 | Depths:5 | Noticed Caoliepi the pandemonium lord
 93202 | Depths:5 | Killed Caoliepi the pandemonium lord
 93224 | Depths:5 | Noticed Uhuw Evome the pandemonium lord
 93608 | D:$      | Escaped with the Orb!

Vault maps used:
D:1:      minmay_arrival_floating_metal, minmay_unequal
D:2:      first_ration
D:3:      serial_bayou_pond_e, tso_metal_star, uniq_ijyb
D:4:      minmay_temple_entry_trees, uniq_menkaure, uniq_crazy_yiuf_cottage
D:6:      serial_shops, nicolae_shop_waterfront
D:7:      lemuel_crystal_altar, serial_shops, nicolae_shop_window_shopping,
          minmay_a_box_with_orc_wizards_in_it
D:8:      nicolae_good_shop
D:9:      minmay_lair_entry_grove, david_orc_2, serial_shops, shop, special_room
D:10:     grunt_pizzeria
D:11:     serial_shops, shop_coins, chequers_serial_rivers_large_a
D:12:     minmay_rotating_lava
D:13:     portal_ice_cave_demonic_guard
D:14:     ximxim_vaults_locker_room, minmay_strange_pillars, lab_entry_generic,
          uniq_rupert, uniq_louise
D:15:     hangedman_depths_entry_civil_slaughter, serial_shops, shop_statue,
          uniq_kirke
Temple:   nicolae_temple_the_god_donut
Lair:2:   spider_nest_entry_web_field, minmay_lair_oklob_chamber
Lair:4:   palyth_hydra_swamp_entry, basic_altar, minmay_holes,
          zaba_antful_of_joy
Lair:5:   beast_lair_carwin_large_3, st_stairs_4, grunt_megastairs_1
Lair:6:   evilmike_catoblepas_cave, slime_altar_1, infiniplex_staircase_pool_2,
          lemuel_fruit_tree
Swamp:1:  basic_altar
Swamp:2:  evilmike_swamp_ruin_house_5, infiniplex_staircase_pool, uniq_jorgrun
Swamp:3:  evilmike_swamp_ruin_house_3
Swamp:4:  swamp_pestilence
Spider:2: spider_temple_joshua, nicolae_spider_nook, uniq_arachne
Spider:4: spider_rune_water
Orc:2:    st_orc_open, serial_shops, nicolae_shop_behind_doors,
          nicolae_shop_crystal
Elf:1:    eino_elf_arrival_altar, serial_shops,
          nicolae_shop_temple_entry_statues_fountains, minmay_elf_sorcery
Elf:2:    chequers_big_river
Elf:3:    minmay_elf_hall, serial_shops, shop, minivault_16, uniq_asterion
Vaults:1: nicolae_vaults_shelves_hall, ontoclasm_vaults_tryst,
          hangedman_vaults_stitches, v_misc_23, ontoclasm_vaults_idyll,
          v_misc_1, nicolae_vaults_little_squares_6,
          ontoclasm_vaults_loading_screen, vaults_room_corners,
          nicolae_vaults_yaktaur_gun_rack, ontoclasm_vaults_chip,
          nicolae_vaults_little_squares_1
Vaults:2: ontoclasm_vaults_gallery, stair_cage_open, dpeg_vaults_monster_box,
          minmay_crypt_entry_simple_walls, v_misc_8, hangedman_vaults_capsules,
          vaults_room_pool, nicolae_vaults_gold_heap, serial_shops, shop
Vaults:3: nicolae_vaults_hallways_thing, v_misc_33, vaults_room_door_hall,
          hangedman_vaults_trim, nicolae_vaults_stairing_the_circle,
          vaults_room_hallway, v_pattern_5, v_misc_8, vaults_room_pool,
          hangedman_vaults_cutoff, nicolae_vaults_asterisk,
          ontoclasm_vaults_misaligned, serial_hangedman_research,
          hangedman_research_quantum
Vaults:4: gammafunk_vaults_ghost_spectres, vaults_dpeg_cross,
          nicolae_vaults_little_squares_1, ontoclasm_vaults_hangar,
          ontoclasm_vaults_spin, vaults_mumra_minichess_inversion,
          hangedman_vaults_river_flow, nicolae_vaults_shelves_hall,
          ontoclasm_vaults_shuriken, vaults_dpeg_doors,
          nicolae_vaults_circle_grid_b, nicolae_vaults_network_square,
          v_alt_pattern_2, ontoclasm_vaults_eye, nicolae_vaults_asterisk,
          special_room_vaults, grunt_vaults_focal, uniq_xtahua
Crypt:3:  cryptofortress_bobbens
Tomb:3:   uniq_sojobo
Depths:1: enter_ziggurat_d, abyss_entry_flame_altar, kennysheep_big_empty_room,
          pf_vacation_house_of_asmodeus, kennysheep_small_circle,
          minmay_shoptagon
Depths:2: gammafunk_jiyva_shrine, hell_entry, abyss_entry, serial_bayou_shore_b,
          infiniplex_staircase_zigzag_3, minmay_shop_grove, grunt_megastairs_4
Depths:3: onia_ninara_swampy_vault, kennysheep_cross_bottleneck,
          rand_demon_pan_entry_5, hell_entry, enter_trove_1,
          nicolae_lava_and_water, chequers_serial_rivers_small_b,
          infiniplex_staircase_zigzag_5
Depths:4: kennysheep_snake, rand_demon_pan_entry_7, abyss_entry,
          grunt_hell_entry_dis_grunt, minmay_staircase_windowed_small
Depths:5: evilmike_zot_entry_gauntlet, serial_sigils,
          serial_sigils_hangedman_shear, serial_sigils_hangedman_snap,
          serial_sigils_hangedman_shear, serial_sigils_hangedman_clutch,
          hell_entry, serial_bayou_pond_a
Dis:2:    kennysheep_iron_temple, hangedman_dis_decor_blocks_crown,
          hangedman_dis_decor_tower, hangedman_dis_chains
Dis:3:    hangedman_dis_monolith
Dis:5:    evilmike_ambush
Dis:7:    dis_hangedman
Geh:2:    gehenna_fire_generator, nicolae_geh_single_fiery_grave,
          grunt_megastairs_3
Geh:7:    geh_grunt_pentagon
Coc:5:    ice2_lemuel
Coc:7:    coc_grunt_cove
Tar:2:    nicolae_tar_cuneiform_bird
Tar:3:    lemuel_nasty_fountain
Tar:4:    evilmike_ambush
Tar:7:    tar_mu
Zot:1:    grunt_megastairs_2
Zot:2:    st_stairs_3
Zot:3:    ebering_ghost_disaster_area, grunt_ministairs_1
Zot:4:    circus_mu, ebering_ghost_inner_flame, grunt_ministairs_5
Zot:5:    st_stairs_5
Abyss:1:  hangedman_abyss_or_decor_passed, hangedman_abyss_exit_choices
Abyss:2:  hangedman_abyss_river_spirits, evilmike_abyss_exit_2
Abyss:3:  evilmike_abyss_exit_9
Abyss:4:  minivault_19, nicolae_abyss_rune_left_handed, minivault_20
Pan:      grunt_pan_in_and_out, uniq_mennas_pan, nicolae_pan_sigil_nadil,
          pan_surprise, nicolae_pan_gloorx_vloqian_2, evilmike_mini_pan_doors,
          rand_demon_4, pan_blood_fountain_2, evilmike_cerebov_lava,
          pan_blood_fountain_small, nicolae_pan_lom_lobonic_1,
          nicolae_pan_giant_door, nicolae_pan_cerebovesque_4, rand_demon_3,
          pan_blood_fountain_small, gloorx_vloq, evilmike_mini_pan_T,
          pan_blood_fountain, mnoleg_st, pan_blood_fountain_small,
          nicolae_pan_lom_lobonic_4, nicolae_pan_door_chamber, lom_lobon_grunt,
          grunt_pan_sceptre
Lab:      nicolae_lab_flowing_pool, nicolae_lab_dead_end, nicolae_lab_grate_2,
          labyrinth_skeletal_remains, lab_statue
Trove:    trove_armour_1
IceCv:    ice_cave_statue_garden_chambered

Skill      XL: |  1  2  3  4  5  6  7  8  9 10 11 12 13 14 15 16 17 18 19 20 21 22 23 24 25 26 27 |
---------------+----------------------------------------------------------------------------------+-----
Unarmed Combat | 3 4 5 6 7 8 10 11 12 13 14 15 16 17 18 19 20 21 22 26 | 26.9
Invocations    | 1 3 5 6 8 9 11 12 13 14 15 16 17 18 19 20 27 | 27.0
Fighting       | 3 4 5 6 8 9 10 11 12 13 14 15 16 17 18 25 | 25.2
Stealth        | 3 5 6 7 8 |  8.0
Shields        | 4 6 7 8 9 10 11 12 13 14 15 16 23 | 23.9
Armour         | 3 5 6 8 9 10 11 12 13 14 15 16 23 | 23.8
Throwing       | 1 3 5 7 8 |  8.0
Dodging        | 4 5 6 8 |  8.0
Translocations | 8 |  8.0
Spellcasting   | 3 |  3.0

Action                   |  1- 3 |  4- 6 |  7- 9 | 10-12 | 13-15 | 16-18 | 19-21 | 22-24 | 25-27 || total
-------------------------+-------+-------+-------+-------+-------+-------+-------+-------+-------++-------
Melee: Unarmed           |    89 |   162 |   323 |   482 |   843 |  1284 |  1848 |  1601 |  8883 || 15515
       Eveningstar       |       |       |       |       |     5 |       |       |       |       ||     5
       Headbutt          |       |       |       |       |       |       |       |   307 |   993 ||  1300
       Kick              |       |       |       |       |       |       |       |       |  3706 ||  3706
Throw: Tomahawk          |       |     3 |     2 |     1 |       |       |       |       |       ||     6
       Javelin           |       |       |       |    11 |    12 |       |       |       |       ||    23
       Large rock        |       |       |       |       |    40 |    55 |   119 |    71 |    26 ||   311
       Throwing net      |       |       |       |       |       |       |       |       |     5 ||     5
 Cast: Blink             |       |       |       |       |       |       |       |       |    14 ||    14
Invok: Draw Destruction  |       |     4 |     2 |    26 |    28 |    13 |    16 |     6 |    26 ||   121
       Draw Summoning    |       |     1 |     1 |    19 |    19 |    25 |    29 |    19 |    26 ||   139
       Draw Escape       |       |       |       |     3 |     7 |     4 |    10 |     6 |    24 ||    54
       Draw Stack        |       |       |       |       |     5 |    17 |    23 |     7 |    63 ||   115
       Deal Four         |       |       |       |       |     3 |     3 |     3 |     1 |    27 ||    37
       Triple Draw       |       |       |       |       |     3 |     1 |     1 |     1 |     6 ||    12
       Stack Five        |       |       |       |       |       |       |       |       |    14 ||    14
 Abil: Evoke Berserk Rag |       |       |       |       |       |       |       |     1 |    12 ||    13
       Evoke Thunderclou |       |       |       |       |       |       |       |       |     1 ||     1
Evoke: Wand              |       |     3 |    14 |    50 |    60 |    47 |    28 |     6 |    34 ||   242
       Lamp of fire      |       |       |       |     2 |     3 |     5 |     7 |     2 |     7 ||    26
       Phantom mirror    |       |       |       |     1 |       |       |       |     2 |     4 ||     7
       Sack of spiders   |       |       |       |       |     1 |     2 |       |       |       ||     3
       Phial of floods   |       |       |       |       |       |     2 |     4 |     1 |     4 ||    11
       Lightning rod     |       |       |       |       |       |       |       |       |     9 ||     9
  Use: Scroll            |       |     6 |     9 |    13 |    16 |     8 |    17 |    19 |    49 ||   137
       Potion            |       |       |     3 |     8 |     9 |    14 |    25 |    30 |    54 ||   143
 Stab: Petrified         |       |       |     1 |       |    11 |       |     1 |     3 |    14 ||    30
       Sleeping          |       |       |       |     4 |     8 |     5 |     1 |       |       ||    18
       Petrifying        |       |       |       |     1 |     2 |       |       |       |       ||     3
       Distracted        |       |       |       |       |     4 |     3 |    11 |     5 |    10 ||    33
       Confused          |       |       |       |       |     4 |     6 |       |       |     3 ||    13
       Invisible         |       |       |       |       |     2 |       |     9 |    21 |     5 ||    37
       Betrayed ally     |       |       |       |       |       |     1 |       |       |       ||     1
       Paralysed         |       |       |       |       |       |       |     1 |       |     6 ||     7
       Held in net/web   |       |       |       |       |       |       |       |       |     4 ||     4
  Eat: Chunk             |    16 |    17 |    36 |    65 |    91 |    89 |    99 |    87 |   208 ||   708
       Ration            |       |       |       |       |       |     1 |     6 |     2 |    44 ||    53
Armor: Robe              |    27 |    41 |    70 |    58 |     5 |       |       |       |       ||   201
       Troll leather arm |       |       |       |       |    97 |    57 |       |       |       ||   154
       Skin              |       |       |       |       |    20 |     9 |    88 |    27 |    15 ||   159
       Storm dragon scal |       |       |       |       |       |   127 |   547 |   296 |       ||   970
       Gold dragon scale |       |       |       |       |       |       |       |   240 |  2724 ||  2964
Dodge: Dodged            |    18 |    49 |    93 |   225 |   158 |   242 |   425 |   272 |  1202 ||  2684
Block: Shield            |    25 |    55 |   103 |   174 |       |       |       |       |       ||   357
       Large shield      |       |       |       |       |   629 |   839 |  1849 |  1378 |  7562 || 12257

Table legend:
 A = Non-vault XP
 B = Vault XP
 C = Vault XP percentage of total XP
 D = Non-vault monster count
 E = Vault monster count
 F = Vault count percentage of total count
                 A         B        C        D         E       F
            +---------+---------+-------+---------+---------+-------
      Total | 2055938 | 1774479 |  46.3 |    3621 |    1704 |  32.0
            +---------+---------+-------+---------+---------+-------
        D:1 |      45 |       8 |  15.1 |      19 |       3 |  13.6
        D:2 |      62 |       0 |   0.0 |      17 |       0 |   0.0
        D:3 |      88 |      36 |  29.0 |      23 |       1 |   4.2
        D:4 |     382 |     211 |  35.6 |      22 |       2 |   8.3
        D:5 |    1015 |       0 |   0.0 |      28 |       0 |   0.0
        D:6 |     818 |       0 |   0.0 |      18 |       0 |   0.0
        D:7 |    1313 |     235 |  15.2 |      31 |       6 |  16.2
        D:8 |    1188 |       0 |   0.0 |      23 |       0 |   0.0
        D:9 |    1164 |    1927 |  62.3 |      17 |      35 |  67.3
       D:10 |    1058 |     224 |  17.5 |       8 |       1 |  11.1
       D:11 |    2813 |       0 |   0.0 |      26 |       0 |   0.0
       D:12 |    1794 |    8039 |  81.8 |      18 |      16 |  47.1
       D:13 |    5904 |     511 |   8.0 |      42 |       2 |   4.5
       D:14 |   11734 |    7740 |  39.7 |      42 |      14 |  25.0
       D:15 |   13721 |    5621 |  29.1 |      25 |       9 |  26.5
     Lair:1 |    2746 |       0 |   0.0 |      12 |       0 |   0.0
     Lair:2 |    2232 |     602 |  21.2 |      15 |       1 |   6.2
     Lair:3 |    3246 |       0 |   0.0 |      16 |       0 |   0.0
     Lair:4 |    5900 |    6729 |  53.3 |      32 |      30 |  48.4
     Lair:5 |    2807 |    4746 |  62.8 |       7 |      15 |  68.2
     Lair:6 |   13246 |   11034 |  45.4 |      39 |      27 |  40.9
    Swamp:1 |   16743 |       0 |   0.0 |      52 |       0 |   0.0
    Swamp:2 |    9639 |    2055 |  17.6 |      23 |       1 |   4.2
    Swamp:3 |   10125 |       0 |   0.0 |      25 |       0 |   0.0
    Swamp:4 |   10607 |   14059 |  57.0 |      32 |      44 |  57.9
   Spider:1 |    7516 |       0 |   0.0 |      22 |       0 |   0.0
   Spider:2 |   15913 |   19011 |  54.4 |      54 |      39 |  41.9
   Spider:3 |   15349 |       0 |   0.0 |      31 |       0 |   0.0
   Spider:4 |   12621 |   17547 |  58.2 |      36 |      39 |  52.0
    Slime:1 |   14095 |       0 |   0.0 |      20 |       0 |   0.0
    Slime:2 |   13639 |       0 |   0.0 |      27 |       0 |   0.0
    Slime:3 |   10231 |       0 |   0.0 |      16 |       0 |   0.0
    Slime:4 |   22804 |    2379 |   9.4 |      30 |       1 |   3.2
    Slime:5 |   13472 |   23511 |  63.6 |      35 |      10 |  22.2
      Orc:1 |     307 |       0 |   0.0 |       7 |       0 |   0.0
      Orc:2 |    1630 |   15858 |  90.7 |      23 |      37 |  61.7
      Elf:1 |   25565 |    8690 |  25.4 |      48 |      19 |  28.4
      Elf:2 |   18276 |   23732 |  56.5 |      36 |      30 |  45.5
      Elf:3 |   12837 |   36850 |  74.2 |      23 |      27 |  54.0
   Vaults:1 |   22880 |    8337 |  26.7 |      58 |      34 |  37.0
   Vaults:2 |   12587 |   19325 |  60.6 |      25 |      23 |  47.9
   Vaults:3 |   20823 |   22369 |  51.8 |      35 |      41 |  53.9
   Vaults:4 |   52002 |   30920 |  37.3 |      78 |      55 |  41.4
   Vaults:5 |   28304 |  111545 |  79.8 |      39 |      90 |  69.8
    Crypt:1 |   42465 |       0 |   0.0 |      62 |       0 |   0.0
    Crypt:2 |   16386 |    2270 |  12.2 |      26 |      10 |  27.8
    Crypt:3 |       0 |   60246 | 100.0 |       0 |      77 | 100.0
     Tomb:1 |    2143 |  124715 |  98.3 |       8 |      58 |  87.9
     Tomb:2 |    7990 |   49868 |  86.2 |      17 |      47 |  73.4
     Tomb:3 |   18007 |   98154 |  84.5 |      30 |      61 |  67.0
   Depths:1 |   46146 |    2928 |   6.0 |      69 |       3 |   4.2
   Depths:2 |   49150 |   15907 |  24.5 |      56 |      21 |  27.3
   Depths:3 |   39018 |   17385 |  30.8 |      46 |      22 |  32.4
   Depths:4 |   37840 |   50122 |  57.0 |      34 |      36 |  51.4
   Depths:5 |   54716 |   24670 |  31.1 |      66 |      20 |  23.3
       Hell |   32207 |   28877 |  47.3 |      50 |      65 |  56.5
      Dis:1 |    6939 |       0 |   0.0 |       9 |       0 |   0.0
      Dis:2 |   12941 |    2894 |  18.3 |      31 |       5 |  13.9
      Dis:3 |    8998 |   21209 |  70.2 |      19 |      29 |  60.4
      Dis:4 |   12026 |       0 |   0.0 |      29 |       0 |   0.0
      Dis:5 |    3056 |    6949 |  69.5 |       6 |      18 |  75.0
      Dis:6 |   16209 |       0 |   0.0 |      25 |       0 |   0.0
      Dis:7 |   19275 |  156743 |  89.0 |      34 |     130 |  79.3
      Geh:1 |   46765 |       0 |   0.0 |     128 |       0 |   0.0
      Geh:2 |   29087 |    2525 |   8.0 |      72 |       4 |   5.3
      Geh:3 |   69840 |       0 |   0.0 |     124 |       0 |   0.0
      Geh:4 |   26101 |       0 |   0.0 |      59 |       0 |   0.0
      Geh:5 |   33816 |       0 |   0.0 |      72 |       0 |   0.0
      Geh:6 |   20626 |       0 |   0.0 |      47 |       0 |   0.0
      Geh:7 |   54232 |   55454 |  50.6 |      94 |      41 |  30.4
      Coc:1 |    2767 |       0 |   0.0 |       4 |       0 |   0.0
      Coc:2 |   10880 |       0 |   0.0 |      31 |       0 |   0.0
      Coc:3 |     602 |       0 |   0.0 |       1 |       0 |   0.0
      Coc:4 |    2103 |       0 |   0.0 |       7 |       0 |   0.0
      Coc:5 |    9737 |       0 |   0.0 |      22 |       0 |   0.0
      Coc:6 |    4831 |       0 |   0.0 |      11 |       0 |   0.0
      Coc:7 |   62539 |   73327 |  54.0 |     107 |      64 |  37.4
      Tar:1 |     289 |       0 |   0.0 |       5 |       0 |   0.0
      Tar:2 |     299 |       0 |   0.0 |       5 |       0 |   0.0
      Tar:3 |   19383 |       0 |   0.0 |      29 |       0 |   0.0
      Tar:4 |   14156 |   15054 |  51.5 |      20 |      24 |  54.5
      Tar:5 |   45350 |       0 |   0.0 |      42 |       0 |   0.0
      Tar:6 |     416 |       0 |   0.0 |       2 |       0 |   0.0
      Tar:7 |   45977 |   28995 |  38.7 |      71 |      26 |  26.8
      Zot:1 |   37891 |   18266 |  32.5 |      23 |      10 |  30.3
      Zot:2 |   39205 |    4959 |  11.2 |      27 |       2 |   6.9
      Zot:3 |   28362 |   11221 |  28.3 |      18 |       3 |  14.3
      Zot:4 |   72189 |   34356 |  32.2 |      46 |      18 |  28.1
      Zot:5 |   12323 |  194715 |  94.0 |       5 |      47 |  90.4
    Abyss:1 |   95173 |   14200 |  13.0 |      95 |      14 |  12.8
    Abyss:2 |   98081 |    1042 |   1.1 |     170 |       5 |   2.9
    Abyss:3 |   14265 |       0 |   0.0 |      30 |       0 |   0.0
    Abyss:4 |   48842 |   20905 |  30.0 |      89 |      23 |  20.5
        Pan |  241827 |  229211 |  48.7 |     292 |     156 |  34.8
        Lab |    1231 |     523 |  29.8 |       1 |       2 |  66.7
      IceCv |       0 |    2938 | 100.0 |       0 |      11 | 100.0
            +---------+---------+-------+---------+---------+-------
